Workbook
Name _Hlk9244919: 'Danh sach ca nhan nhan tien'!#REF!
Name _Hlk9244919: 'DS theo Quyet dinh khen thuong'!$B$175
Name _Hlk9244919: Sheet1!$B$116
Name OLE_LINK10: 'Danh sach ca nhan nhan tien'!#REF!
Name OLE_LINK10: 'DS theo Quyet dinh khen thuong'!$B$133
Name OLE_LINK10: Sheet1!$B$85
Name OLE_LINK2: 'Danh sach ca nhan nhan tien'!#REF!
Name OLE_LINK2: 'DS theo Quyet dinh khen thuong'!$B$132
Name OLE_LINK2: Sheet1!$B$84
Name OLE_LINK4: 'Danh sach ca nhan nhan tien'!#REF!
Name OLE_LINK4: 'DS theo Quyet dinh khen thuong'!$D$132
Name OLE_LINK8: 'Danh sach ca nhan nhan tien'!#REF!
Name OLE_LINK8: 'DS theo Quyet dinh khen thuong'!$D$133

Sheet Sheet1
A1: DANH MỤC THƯỞNG BÀI BÁO CÔNG BỐ TRÊN CÁC TẠP CHÍ UY TÍN TRONG DANH MỤC ISI, SCI, SCIE NĂM 2019
A2: (kèm theo Quyết định số , ngày tháng năm 2020)
A3: STT | B3: Tên bài báo | C3: Tác giả | D3: Tác giả thuộc biên chế HUMG | E3: Đơn vị công tác | F3: Loại tạp chí | G3: =MucHoTro!C3 -> Nếu tác giả thứ nhất là cán bộ thuộc biên chế của Nhà trường | H3: =MucHoTro!D3 -> Nếu tác giả liên hệ mà không là tác giả thứ nhất là cán bộ thuộc biên chế của Nhà trường | I3: Đồng tác giả | J3: Hệ số bài báo | K3: Hệ số tác giả | L3: Hệ số tính | M3: Thành tiền (VNĐ) | N3: Loại tạp chí
A4: (1) | B4: (2) | C4: (3) | F4: (4) | G4: (5) | H4: (6) | I4: (7) | J4: (8) | K4: (9) | L4: (10=8x9) | M4: (11)
A5: 1 | B5: Research on transmission efficiency of high power hydro-iscous clutch | C5: Qi Sun, Fangwei Xie, Kuaidi Wan, Xinjian Gu, Jie Zhu, Nguyễn Văn Xô (đồng tác giả), Yun Wang | F5: Q2 | G5: x | J5: =IF(F5="Q1a",MucHoTro!$H$5,IF(F5="Q1b",MucHoTro!$H$6,IF(F5="Q2",MucHoTro!$H$7,IF(F5="Q3",MucHoTro!$H$8,IF(F5="Q4",MucHoTro!$H$9))))) -> 1.2 | K5: =IF(G5="x",MucHoTro!$C$5,IF(H5="x",MucHoTro!$D$5,IF(I5="x",MucHoTro!$E$5))) -> 1.5 | L5: =J5*K5 -> 1.8 | M5: =L5*2000000 -> 3600000 | N5: =IF(F5<>"",INDEX(MucHoTro!$B$5:$B$10,MATCH(Sheet1!F5,MucHoTro!$G$5:$G$10,0),1),"") -> Tạp chí trong nhóm Q2 thuộc lĩnh vực nghiên cứu gần nhất của bài báo (Q2)
A6: 2 | B6: Effects of friction models on simulation of pneumatic cylinder | C6: Xuan Bo Tran, Nguyễn Văn Lại (đồng tác giả), and Khanh Duong Tran | F6: Q2 | G6: x | J6: =IF(F6="Q1a",MucHoTro!$H$5,IF(F6="Q1b",MucHoTro!$H$6,IF(F6="Q2",MucHoTro!$H$7,IF(F6="Q3",MucHoTro!$H$8,IF(F6="Q4",MucHoTro!$H$9))))) -> 1.2 | K6: =IF(G6="x",MucHoTro!$C$5,IF(H6="x",MucHoTro!$D$5,IF(I6="x",MucHoTro!$E$5))) -> 1.5 | L6: =J6*K6 -> 1.8 | M6: =L6*2000000 -> 3600000 | N6: =IF(F6<>"",INDEX(MucHoTro!$B$5:$B$10,MATCH(Sheet1!F6,MucHoTro!$G$5:$G$10,0),1),"") -> Tạp chí trong nhóm Q2 thuộc lĩnh vực nghiên cứu gần nhất của bài báo (Q2)
A7: 3 | B7: The deformation of AZ31 magnesium alloy during warm constrained groove pressing | C7: Hue Thi Hong Dang, Phạm Thị Thủy (đồng tác giả), Dao Minh Ngung, Pham Quang | F7: Q3 | G7: x | J7: =IF(F7="Q1a",MucHoTro!$H$5,IF(F7="Q1b",MucHoTro!$H$6,IF(F7="Q2",MucHoTro!$H$7,IF(F7="Q3",MucHoTro!$H$8,IF(F7="Q4",MucHoTro!$H$9))))) -> 1 | K7: =IF(G7="x",MucHoTro!$C$5,IF(H7="x",MucHoTro!$D$5,IF(I7="x",MucHoTro!$E$5))) -> 1.5 | L7: =J7*K7 -> 1.5 | M7: =L7*2000000 -> 3000000 | N7: =IF(F7<>"",INDEX(MucHoTro!$B$5:$B$10,MATCH(Sheet1!F7,MucHoTro!$G$5:$G$10,0),1),"") -> Tạp chí trong nhóm Q3 thuộc lĩnh vực nghiên cứu gần nhất của bài báo (Q3)
A8: 4 | B8: Effects of the Current Direction on the Energy Production of a Tidal Farm: The Case of Raz Blanchard (France) | C8: Nguyễn Văn Thịnh (tác giả chính), Alina Santa Cruz, Sylvain S. Guillou, Mohamad N. Shiekh Elsouk and Jérôme Thiébot | F8: Q2 | G8: x | J8: =IF(F8="Q1a",MucHoTro!$H$5,IF(F8="Q1b",MucHoTro!$H$6,IF(F8="Q2",MucHoTro!$H$7,IF(F8="Q3",MucHoTro!$H$8,IF(F8="Q4",MucHoTro!$H$9))))) -> 1.2 | K8: =IF(G8="x",MucHoTro!$C$5,IF(H8="x",MucHoTro!$D$5,IF(I8="x",MucHoTro!$E$5))) -> 1.5 | L8: =J8*K8 -> 1.8 | M8: =L8*2000000 -> 3600000 | N8: =IF(F8<>"",INDEX(MucHoTro!$B$5:$B$10,MATCH(Sheet1!F8,MucHoTro!$G$5:$G$10,0),1),"") -> Tạp chí trong nhóm Q2 thuộc lĩnh vực nghiên cứu gần nhất của bài báo (Q2)
A9: 5 | B9: Effects of Failure of the Ocean‐Bottom Seismograph Leveling System on Receiver Function Analysis | C9: Trần Danh Hùng (tác giả chính); Ting Yang; Ba Manh Le; Youqiang Yu | F9: Q1 | G9: x | J9: =IF(F9="Q1a",MucHoTro!$H$5,IF(F9="Q1b",MucHoTro!$H$6,IF(F9="Q2",MucHoTro!$H$7,IF(F9="Q3",MucHoTro!$H$8,IF(F9="Q4",MucHoTro!$H$9))))) -> FALSE | K9: =IF(G9="x",MucHoTro!$C$5,IF(H9="x",MucHoTro!$D$5,IF(I9="x",MucHoTro!$E$5))) -> 1.5 | L9: =J9*K9 -> 0 | M9: =L9*2000000 -> 0 | N9: =IF(F9<>"",INDEX(MucHoTro!$B$5:$B$10,MATCH(Sheet1!F9,MucHoTro!$G$5:$G$10,0),1),"") -> #N/A
A10: 6 | B10: Seismic‐impedance inversion with fuzzy clustering constraints: an example from the Carlin Gold District, Nevada, USA | C10: Kiều Duy Thông (tác giả chính) and Anton Kepic | F10: Q2 | G10: x | J10: =IF(F10="Q1a",MucHoTro!$H$5,IF(F10="Q1b",MucHoTro!$H$6,IF(F10="Q2",MucHoTro!$H$7,IF(F10="Q3",MucHoTro!$H$8,IF(F10="Q4",MucHoTro!$H$9))))) -> 1.2 | K10: =IF(G10="x",MucHoTro!$C$5,IF(H10="x",MucHoTro!$D$5,IF(I10="x",MucHoTro!$E$5))) -> 1.5 | L10: =J10*K10 -> 1.8 | M10: =L10*2000000 -> 3600000 | N10: =IF(F10<>"",INDEX(MucHoTro!$B$5:$B$10,MATCH(Sheet1!F10,MucHoTro!$G$5:$G$10,0),1),"") -> Tạp chí trong nhóm Q2 thuộc lĩnh vực nghiên cứu gần nhất của bài báo (Q2)
A11: 7 | B11: Recent tectonics, geodynamics and seismotectonics in the Ninh Thuan Nuclear Power plants and surrounding regions, South Vietnam | C11: Huong Nguyen Vana, Tran Van Phong, Phan Trong Trinh, nnk, Dương Văn Hào (đồng tác giả) | F11: Q1 | I11: x | J11: =IF(F11="Q1a",MucHoTro!$H$5,IF(F11="Q1b",MucHoTro!$H$6,IF(F11="Q2",MucHoTro!$H$7,IF(F11="Q3",MucHoTro!$H$8,IF(F11="Q4",MucHoTro!$H$9))))) -> FALSE | K11: =IF(G11="x",MucHoTro!$C$5,IF(H11="x",MucHoTro!$D$5,IF(I11="x",MucHoTro!$E$5))) -> 1 | L11: =J11*K11 -> 0 | M11: =L11*2000000 -> 0 | N11: =IF(F11<>"",INDEX(MucHoTro!$B$5:$B$10,MATCH(Sheet1!F11,MucHoTro!$G$5:$G$10,0),1),"") -> #N/A
A12: 8 | B12: Effect of tortuosity on diffusion of polystyrenes through chromatographic columns filled with fully porous and porous –shell particles and monoliths | C12: Nguyễn Khắc Long (tác giả chính), Véronique Wernert, André Morgado Lopes, Loïc Sorbier, Renaud Denoyel | F12: Q1 | I12: x | J12: =IF(F12="Q1a",MucHoTro!$H$5,IF(F12="Q1b",MucHoTro!$H$6,IF(F12="Q2",MucHoTro!$H$7,IF(F12="Q3",MucHoTro!$H$8,IF(F12="Q4",MucHoTro!$H$9))))) -> FALSE | K12: =IF(G12="x",MucHoTro!$C$5,IF(H12="x",MucHoTro!$D$5,IF(I12="x",MucHoTro!$E$5))) -> 1 | L12: =J12*K12 -> 0 | M12: =L12*2000000 -> 0 | N12: =IF(F12<>"",INDEX(MucHoTro!$B$5:$B$10,MATCH(Sheet1!F12,MucHoTro!$G$5:$G$10,0),1),"") -> #N/A
A13: 9 | B13: Study on the HPA immobilisation on Al-SBA-15 support over Brønsted groups | C13: T. H. Truong, V. Cuong Do, N. Mai Do, T. Q. Hung, Đoàn Văn Huấn (đồng tác giả), T. N. Nguyen, T. H. Doan, T. H. N. Le, T. Van Nguyen, L. G. Bach and Q. V. Tran | F13: Q2 | I13: x | J13: =IF(F13="Q1a",MucHoTro!$H$5,IF(F13="Q1b",MucHoTro!$H$6,IF(F13="Q2",MucHoTro!$H$7,IF(F13="Q3",MucHoTro!$H$8,IF(F13="Q4",MucHoTro!$H$9))))) -> 1.2 | K13: =IF(G13="x",MucHoTro!$C$5,IF(H13="x",MucHoTro!$D$5,IF(I13="x",MucHoTro!$E$5))) -> 1 | L13: =J13*K13 -> 1.2 | M13: =L13*2000000 -> 2400000 | N13: =IF(F13<>"",INDEX(MucHoTro!$B$5:$B$10,MATCH(Sheet1!F13,MucHoTro!$G$5:$G$10,0),1),"") -> Tạp chí trong nhóm Q2 thuộc lĩnh vực nghiên cứu gần nhất của bài báo (Q2)
A14: 10 | B14: Defective hierarchical porous copper-based metal-organic frameworks synthesised via facile acid etching strategy | C14: Đoàn Văn Huấn (tác giả chính), A. Sartbaeva, J.-C. Eloi, S. Davis and V. P. Ting | F14: Q1 | G14: x | J14: =IF(F14="Q1a",MucHoTro!$H$5,IF(F14="Q1b",MucHoTro!$H$6,IF(F14="Q2",MucHoTro!$H$7,IF(F14="Q3",MucHoTro!$H$8,IF(F14="Q4",MucHoTro!$H$9))))) -> FALSE | K14: =IF(G14="x",MucHoTro!$C$5,IF(H14="x",MucHoTro!$D$5,IF(I14="x",MucHoTro!$E$5))) -> 1.5 | L14: =J14*K14 -> 0 | M14: =L14*2000000 -> 0 | N14: =IF(F14<>"",INDEX(MucHoTro!$B$5:$B$10,MATCH(Sheet1!F14,MucHoTro!$G$5:$G$10,0),1),"") -> #N/A
A15: 11 | B15: Hierarchical Metal–Organic Frameworks with Macroporosity: Synthesis, Achievements, and Challenges | C15: Đoàn Văn Huấn, Karikkethu Prabhakaran, C. Petrillo and V. P. Ting | F15: Q1 | I15: x | J15: =IF(F15="Q1a",MucHoTro!$H$5,IF(F15="Q1b",MucHoTro!$H$6,IF(F15="Q2",MucHoTro!$H$7,IF(F15="Q3",MucHoTro!$H$8,IF(F15="Q4",MucHoTro!$H$9))))) -> FALSE | K15: =IF(G15="x",MucHoTro!$C$5,IF(H15="x",MucHoTro!$D$5,IF(I15="x",MucHoTro!$E$5))) -> 1 | L15: =J15*K15 -> 0 | M15: =L15*2000000 -> 0 | N15: =IF(F15<>"",INDEX(MucHoTro!$B$5:$B$10,MATCH(Sheet1!F15,MucHoTro!$G$5:$G$10,0),1),"") -> #N/A
A16: 12 | B16: Crystallization Mechanisms and Rates of Cyclopentane Hydrates Formation in Brine | C16: Hồ Văn Sơn (tác giả chính, tác giả liên hệ), Baptiste Bouillot, Daniel Garcia, Jérome Douzet, Ana Cameirao, Saheb Maghsoodloo-Babakhani, Jean-Michel Herri | F16: Q2 | I16: x | J16: =IF(F16="Q1a",MucHoTro!$H$5,IF(F16="Q1b",MucHoTro!$H$6,IF(F16="Q2",MucHoTro!$H$7,IF(F16="Q3",MucHoTro!$H$8,IF(F16="Q4",MucHoTro!$H$9))))) -> 1.2 | K16: =IF(G16="x",MucHoTro!$C$5,IF(H16="x",MucHoTro!$D$5,IF(I16="x",MucHoTro!$E$5))) -> 1 | L16: =J16*K16 -> 1.2 | M16: =L16*2000000 -> 2400000 | N16: =IF(F16<>"",INDEX(MucHoTro!$B$5:$B$10,MATCH(Sheet1!F16,MucHoTro!$G$5:$G$10,0),1),"") -> Tạp chí trong nhóm Q2 thuộc lĩnh vực nghiên cứu gần nhất của bài báo (Q2)
A17: 13 | B17: Cyclopentane hydrates – A candidate for desalination? | C17: Hồ Văn Sơn (tác giả chính, tác giả liên hệ), Baptiste Bouillot, Jérome Douzet, Saheb Maghsoodloo-Babakhani, Jean-Michel Herri | F17: Q1 | I17: x | J17: =IF(F17="Q1a",MucHoTro!$H$5,IF(F17="Q1b",MucHoTro!$H$6,IF(F17="Q2",MucHoTro!$H$7,IF(F17="Q3",MucHoTro!$H$8,IF(F17="Q4",MucHoTro!$H$9))))) -> FALSE | K17: =IF(G17="x",MucHoTro!$C$5,IF(H17="x",MucHoTro!$D$5,IF(I17="x",MucHoTro!$E$5))) -> 1 | L17: =J17*K17 -> 0 | M17: =L17*2000000 -> 0 | N17: =IF(F17<>"",INDEX(MucHoTro!$B$5:$B$10,MATCH(Sheet1!F17,MucHoTro!$G$5:$G$10,0),1),"") -> #N/A
A18: 14 | B18: Phase equilibrium measurements and modelling of mixed cyclopentane and carbon dioxide hydrates in presence of salts | C18: Saheb Maghsoodloo-Babakhani, Hồ Văn Sơn (đồng tác giả), Baptiste Bouillot, Jérome Douzet, Jean-Michel Herri | F18: Q1 | G18: x | J18: =IF(F18="Q1a",MucHoTro!$H$5,IF(F18="Q1b",MucHoTro!$H$6,IF(F18="Q2",MucHoTro!$H$7,IF(F18="Q3",MucHoTro!$H$8,IF(F18="Q4",MucHoTro!$H$9))))) -> FALSE | K18: =IF(G18="x",MucHoTro!$C$5,IF(H18="x",MucHoTro!$D$5,IF(I18="x",MucHoTro!$E$5))) -> 1.5 | L18: =J18*K18 -> 0 | M18: =L18*2000000 -> 0 | N18: =IF(F18<>"",INDEX(MucHoTro!$B$5:$B$10,MATCH(Sheet1!F18,MucHoTro!$G$5:$G$10,0),1),"") -> #N/A
A19: 15 | B19: The role of organic and inorganic UV-absorbents on photopolymerization and mechanical properties of acrylate-urethane coating | C19: Thien VuongNguyen, PhuongNguyen Tri, SohrabAzizi, Tran Chien Dang, Duc MinhHoang, Thu HaHoang, Nguyễn Thị Linh (Đồng tác giả), Thuy Thi LeBui, Viet HungDang, Ngọc LinhNguyen, The TamLe, Thi Ngoc LinhNguyen, Quoc TrungVu, Dai LamTran, Thi My LinhDang, Le TrongLu | F19: Q2 | G19: x | J19: =IF(F19="Q1a",MucHoTro!$H$5,IF(F19="Q1b",MucHoTro!$H$6,IF(F19="Q2",MucHoTro!$H$7,IF(F19="Q3",MucHoTro!$H$8,IF(F19="Q4",MucHoTro!$H$9))))) -> 1.2 | K19: =IF(G19="x",MucHoTro!$C$5,IF(H19="x",MucHoTro!$D$5,IF(I19="x",MucHoTro!$E$5))) -> 1.5 | L19: =J19*K19 -> 1.8 | M19: =L19*2000000 -> 3600000 | N19: =IF(F19<>"",INDEX(MucHoTro!$B$5:$B$10,MATCH(Sheet1!F19,MucHoTro!$G$5:$G$10,0),1),"") -> Tạp chí trong nhóm Q2 thuộc lĩnh vực nghiên cứu gần nhất của bài báo (Q2)
A20: 16 | B20: Prediction of Blast-induced Air Over-pressure: Assessment of Different Artificial Intelligence Techniques | C20: Bùi Xuân Nam (tác giả liên hệ), Nguyễn Hoàng, Hai-An Le, Bùi Hoàng Bắc, Đỗ Ngọc Hoàn | F20: Q1 | G20: x | J20: =IF(F20="Q1a",MucHoTro!$H$5,IF(F20="Q1b",MucHoTro!$H$6,IF(F20="Q2",MucHoTro!$H$7,IF(F20="Q3",MucHoTro!$H$8,IF(F20="Q4",MucHoTro!$H$9))))) -> FALSE | K20: =IF(G20="x",MucHoTro!$C$5,IF(H20="x",MucHoTro!$D$5,IF(I20="x",MucHoTro!$E$5))) -> 1.5 | L20: =J20*K20 -> 0 | M20: =L20*2000000 -> 0 | N20: =IF(F20<>"",INDEX(MucHoTro!$B$5:$B$10,MATCH(Sheet1!F20,MucHoTro!$G$5:$G$10,0),1),"") -> #N/A
A21: 17 | B21: A New Soft Computing Model for Estimating and Controlling Blast-Produced Ground Vibration Based on Hierarchical K-Means Clustering and Cubist Algorithms | C21: Nguyễn Hoàng (tác giả liên hệ), Bùi Xuân Nam, Trần Quang Hiếu, Ngoc-Luan Mai | F21: Q1 | G21: x | J21: =IF(F21="Q1a",MucHoTro!$H$5,IF(F21="Q1b",MucHoTro!$H$6,IF(F21="Q2",MucHoTro!$H$7,IF(F21="Q3",MucHoTro!$H$8,IF(F21="Q4",MucHoTro!$H$9))))) -> FALSE | K21: =IF(G21="x",MucHoTro!$C$5,IF(H21="x",MucHoTro!$D$5,IF(I21="x",MucHoTro!$E$5))) -> 1.5 | L21: =J21*K21 -> 0 | M21: =L21*2000000 -> 0 | N21: =IF(F21<>"",INDEX(MucHoTro!$B$5:$B$10,MATCH(Sheet1!F21,MucHoTro!$G$5:$G$10,0),1),"") -> #N/A
A22: 18 | B22: Developing an XGBoost model to predict blast-induced peak particle velocity in an open-pit mine: a case study | C22: Nguyễn Hoàng (tác giả liên hệ), Bùi Xuân Nam, Bùi Hoàng Bắc, Dao Trong Cuong | F22: Q3 | I22: x | J22: =IF(F22="Q1a",MucHoTro!$H$5,IF(F22="Q1b",MucHoTro!$H$6,IF(F22="Q2",MucHoTro!$H$7,IF(F22="Q3",MucHoTro!$H$8,IF(F22="Q4",MucHoTro!$H$9))))) -> 1 | K22: =IF(G22="x",MucHoTro!$C$5,IF(H22="x",MucHoTro!$D$5,IF(I22="x",MucHoTro!$E$5))) -> 1 | L22: =J22*K22 -> 1 | M22: =L22*2000000 -> 2000000 | N22: =IF(F22<>"",INDEX(MucHoTro!$B$5:$B$10,MATCH(Sheet1!F22,MucHoTro!$G$5:$G$10,0),1),"") -> Tạp chí trong nhóm Q3 thuộc lĩnh vực nghiên cứu gần nhất của bài báo (Q3)
A23: 19 | B23: Prediction of Blast-Induced Ground Vibration in an Open-Pit Mine by a Novel Hybrid Model Based on Clustering and Artificial Neural Network | C23: Nguyễn Hoàng (tác giả liên hệ), Carsten Drebenstedt, Bùi Xuân Nam, Dieu Tien Bui | F23: Q1 | G23: x | J23: =IF(F23="Q1a",MucHoTro!$H$5,IF(F23="Q1b",MucHoTro!$H$6,IF(F23="Q2",MucHoTro!$H$7,IF(F23="Q3",MucHoTro!$H$8,IF(F23="Q4",MucHoTro!$H$9))))) -> FALSE | K23: =IF(G23="x",MucHoTro!$C$5,IF(H23="x",MucHoTro!$D$5,IF(I23="x",MucHoTro!$E$5))) -> 1.5 | L23: =J23*K23 -> 0 | M23: =L23*2000000 -> 0 | N23: =IF(F23<>"",INDEX(MucHoTro!$B$5:$B$10,MATCH(Sheet1!F23,MucHoTro!$G$5:$G$10,0),1),"") -> #N/A
A24: 20 | B24: Prediction of ultimate bearing capacity through various novel evolutionary and neural network models | C24: Hossein Moayedi, Arash Moatamediyan, Nguyễn Hoàng, Bùi Xuân Nam (đồng tác giả), Dieu Tien Bui, Ahmad Safuan A. Rashid | F24: Q2 | G24: x | J24: =IF(F24="Q1a",MucHoTro!$H$5,IF(F24="Q1b",MucHoTro!$H$6,IF(F24="Q2",MucHoTro!$H$7,IF(F24="Q3",MucHoTro!$H$8,IF(F24="Q4",MucHoTro!$H$9))))) -> 1.2 | K24: =IF(G24="x",MucHoTro!$C$5,IF(H24="x",MucHoTro!$D$5,IF(I24="x",MucHoTro!$E$5))) -> 1.5 | L24: =J24*K24 -> 1.8 | M24: =L24*2000000 -> 3600000 | N24: =IF(F24<>"",INDEX(MucHoTro!$B$5:$B$10,MATCH(Sheet1!F24,MucHoTro!$G$5:$G$10,0),1),"") -> Tạp chí trong nhóm Q2 thuộc lĩnh vực nghiên cứu gần nhất của bài báo (Q2)
A25: 21 | B25: Optimizing Levenberg–Marquardt backpropagation technique in predicting factor of safety of slopes after two-dimensional OptumG2 analysis | C25: Bùi Xuân Nam, Mohammed Abdullahi Muazu, Hoang Nguyen | F25: Q2 | I25: x | J25: =IF(F25="Q1a",MucHoTro!$H$5,IF(F25="Q1b",MucHoTro!$H$6,IF(F25="Q2",MucHoTro!$H$7,IF(F25="Q3",MucHoTro!$H$8,IF(F25="Q4",MucHoTro!$H$9))))) -> 1.2 | K25: =IF(G25="x",MucHoTro!$C$5,IF(H25="x",MucHoTro!$D$5,IF(I25="x",MucHoTro!$E$5))) -> 1 | L25: =J25*K25 -> 1.2 | M25: =L25*2000000 -> 2400000 | N25: =IF(F25<>"",INDEX(MucHoTro!$B$5:$B$10,MATCH(Sheet1!F25,MucHoTro!$G$5:$G$10,0),1),"") -> Tạp chí trong nhóm Q2 thuộc lĩnh vực nghiên cứu gần nhất của bài báo (Q2)
A26: 22 | B26: Neuro-genetic, neuro-imperialism and genetic programing models in predicting ultimate bearing capacity of pile | C26: Wusi Chen, Payam Sarir, Bùi Xuân Nam, Nguyễn Hoàng, M. M. Tahir, Danial Jahed Armaghani | F26: Q2 | I26: x | J26: =IF(F26="Q1a",MucHoTro!$H$5,IF(F26="Q1b",MucHoTro!$H$6,IF(F26="Q2",MucHoTro!$H$7,IF(F26="Q3",MucHoTro!$H$8,IF(F26="Q4",MucHoTro!$H$9))))) -> 1.2 | K26: =IF(G26="x",MucHoTro!$C$5,IF(H26="x",MucHoTro!$D$5,IF(I26="x",MucHoTro!$E$5))) -> 1 | L26: =J26*K26 -> 1.2 | M26: =L26*2000000 -> 2400000 | N26: =IF(F26<>"",INDEX(MucHoTro!$B$5:$B$10,MATCH(Sheet1!F26,MucHoTro!$G$5:$G$10,0),1),"") -> Tạp chí trong nhóm Q2 thuộc lĩnh vực nghiên cứu gần nhất của bài báo (Q2)
A27: 23 | B27: Novel Soft Computing Model for Predicting Blast-Induced Ground Vibration in Open-Pit Mines Based on Particle Swarm Optimization and XGBoost | C27: Xiliang Zhang, Hoang Nguyen, Bùi Xuân Nam, Trần Quang Hiếu, Nguyễn Đình An, Dieu Tien Bui, Hossein Moayedi | F27: Q1 | I27: x | J27: =IF(F27="Q1a",MucHoTro!$H$5,IF(F27="Q1b",MucHoTro!$H$6,IF(F27="Q2",MucHoTro!$H$7,IF(F27="Q3",MucHoTro!$H$8,IF(F27="Q4",MucHoTro!$H$9))))) -> FALSE | K27: =IF(G27="x",MucHoTro!$C$5,IF(H27="x",MucHoTro!$D$5,IF(I27="x",MucHoTro!$E$5))) -> 1 | L27: =J27*K27 -> 0 | M27: =L27*2000000 -> 0 | N27: =IF(F27<>"",INDEX(MucHoTro!$B$5:$B$10,MATCH(Sheet1!F27,MucHoTro!$G$5:$G$10,0),1),"") -> #N/A
A28: 24 | B28: Composition and Morphology Characteristics of Magnetic Fractions of Coal Fly Ash Wastes Processed in High-Temperature Exposure in Thermal Power Plants | C28: Vũ Đình Hiếu, Bùi Hoàng Bắc, Bahareh Kalantar, Bùi Xuân Nam, Nguyễn Đình An, Lê Quý Thảo, Đỗ Ngọc Hoàn, Hoang Nguyen | F28: Q3 | G28: x | J28: =IF(F28="Q1a",MucHoTro!$H$5,IF(F28="Q1b",MucHoTro!$H$6,IF(F28="Q2",MucHoTro!$H$7,IF(F28="Q3",MucHoTro!$H$8,IF(F28="Q4",MucHoTro!$H$9))))) -> 1 | K28: =IF(G28="x",MucHoTro!$C$5,IF(H28="x",MucHoTro!$D$5,IF(I28="x",MucHoTro!$E$5))) -> 1.5 | L28: =J28*K28 -> 1.5 | M28: =L28*2000000 -> 3000000 | N28: =IF(F28<>"",INDEX(MucHoTro!$B$5:$B$10,MATCH(Sheet1!F28,MucHoTro!$G$5:$G$10,0),1),"") -> Tạp chí trong nhóm Q3 thuộc lĩnh vực nghiên cứu gần nhất của bài báo (Q3)
A29: 25 | B29: A comparison of advanced computational models and experimental techniques in predicting blast-induced ground vibration in open-pit coal mine | C29: Hoang Nguyen, Bùi Xuân Nam, Hossein Moayedi | F29: Q3 | I29: x | J29: =IF(F29="Q1a",MucHoTro!$H$5,IF(F29="Q1b",MucHoTro!$H$6,IF(F29="Q2",MucHoTro!$H$7,IF(F29="Q3",MucHoTro!$H$8,IF(F29="Q4",MucHoTro!$H$9))))) -> 1 | K29: =IF(G29="x",MucHoTro!$C$5,IF(H29="x",MucHoTro!$D$5,IF(I29="x",MucHoTro!$E$5))) -> 1 | L29: =J29*K29 -> 1 | M29: =L29*2000000 -> 2000000 | N29: =IF(F29<>"",INDEX(MucHoTro!$B$5:$B$10,MATCH(Sheet1!F29,MucHoTro!$G$5:$G$10,0),1),"") -> Tạp chí trong nhóm Q3 thuộc lĩnh vực nghiên cứu gần nhất của bài báo (Q3)
A30: 26 | B30: A Novel Artificial Intelligence Approach to Predict Blast-Induced Ground Vibration in Open-Pit Mines Based on the Firefly Algorithm and Artificial Neural Network | C30: Yonghui Shang, Hoang Nguyen, Bùi Xuân Nam, Trần Quang Hiếu, Hossein Moayedi | F30: Q1 | G30: x | J30: =IF(F30="Q1a",MucHoTro!$H$5,IF(F30="Q1b",MucHoTro!$H$6,IF(F30="Q2",MucHoTro!$H$7,IF(F30="Q3",MucHoTro!$H$8,IF(F30="Q4",MucHoTro!$H$9))))) -> FALSE | K30: =IF(G30="x",MucHoTro!$C$5,IF(H30="x",MucHoTro!$D$5,IF(I30="x",MucHoTro!$E$5))) -> 1.5 | L30: =J30*K30 -> 0 | M30: =L30*2000000 -> 0 | N30: =IF(F30<>"",INDEX(MucHoTro!$B$5:$B$10,MATCH(Sheet1!F30,MucHoTro!$G$5:$G$10,0),1),"") -> #N/A
A31: 27 | B31: Estimating PM10 Concentration from Drilling Operations in Open-Pit Mines Using an Assembly of SVR and PSO | C31: Bùi Xuân Nam (tác giả liên hệ), Chang Woo Lee, Hoang Nguyen, Bùi Hoàng Bắc, Nguyễn Quốc Long, Lê Quý Thảo, Van-Duc Nguyen, Ngoc-Bich Nguyen, Hossein Moayedi | F31: Q1 | G31: x | J31: =IF(F31="Q1a",MucHoTro!$H$5,IF(F31="Q1b",MucHoTro!$H$6,IF(F31="Q2",MucHoTro!$H$7,IF(F31="Q3",MucHoTro!$H$8,IF(F31="Q4",MucHoTro!$H$9))))) -> FALSE | K31: =IF(G31="x",MucHoTro!$C$5,IF(H31="x",MucHoTro!$D$5,IF(I31="x",MucHoTro!$E$5))) -> 1.5 | L31: =J31*K31 -> 0 | M31: =L31*2000000 -> 0 | N31: =IF(F31<>"",INDEX(MucHoTro!$B$5:$B$10,MATCH(Sheet1!F31,MucHoTro!$G$5:$G$10,0),1),"") -> #N/A
A32: 28 | B32: Predicting blast-induced peak particle velocity using BGAMs, ANN and SVM: a case study at the Nui Beo open-pit coal mine in Vietnam | C32: Hoang Nguyen, Bùi Xuân Nam, Trần Quang Hiếu, Hossein Moayedi | F32: Q2 | I32: x | J32: =IF(F32="Q1a",MucHoTro!$H$5,IF(F32="Q1b",MucHoTro!$H$6,IF(F32="Q2",MucHoTro!$H$7,IF(F32="Q3",MucHoTro!$H$8,IF(F32="Q4",MucHoTro!$H$9))))) -> 1.2 | K32: =IF(G32="x",MucHoTro!$C$5,IF(H32="x",MucHoTro!$D$5,IF(I32="x",MucHoTro!$E$5))) -> 1 | L32: =J32*K32 -> 1.2 | M32: =L32*2000000 -> 2400000 | N32: =IF(F32<>"",INDEX(MucHoTro!$B$5:$B$10,MATCH(Sheet1!F32,MucHoTro!$G$5:$G$10,0),1),"") -> Tạp chí trong nhóm Q2 thuộc lĩnh vực nghiên cứu gần nhất của bài báo (Q2)
A33: 29 | B33: A New Technique to Predict Fly-rock in Bench Blasting Based on an Ensemble of Support Vector Regression and GLMNET | C33: Hoang Nguyen,Bùi Xuân Nam, Trần Quang Hiếu, Hossein Moayedi | F33: Q1 | G33: x | J33: =IF(F33="Q1a",MucHoTro!$H$5,IF(F33="Q1b",MucHoTro!$H$6,IF(F33="Q2",MucHoTro!$H$7,IF(F33="Q3",MucHoTro!$H$8,IF(F33="Q4",MucHoTro!$H$9))))) -> FALSE | K33: =IF(G33="x",MucHoTro!$C$5,IF(H33="x",MucHoTro!$D$5,IF(I33="x",MucHoTro!$E$5))) -> 1.5 | L33: =J33*K33 -> 0 | M33: =L33*2000000 -> 0 | N33: =IF(F33<>"",INDEX(MucHoTro!$B$5:$B$10,MATCH(Sheet1!F33,MucHoTro!$G$5:$G$10,0),1),"") -> #N/A
A34: 30 | B34: A novel approach in adsorption of heavy metal ions from aqueous solution using synthesized MCM-41 from coal bottom ash | C34: Vũ Đình Hiếu, Hoang-Bac Bui, Bùi Xuân Nam, Nguyễn Đình An, Lê Quý Thảo, Đỗ Ngọc Hoàn, Hoang Nguyen | F34: Q3 | G34: x | J34: =IF(F34="Q1a",MucHoTro!$H$5,IF(F34="Q1b",MucHoTro!$H$6,IF(F34="Q2",MucHoTro!$H$7,IF(F34="Q3",MucHoTro!$H$8,IF(F34="Q4",MucHoTro!$H$9))))) -> 1 | K34: =IF(G34="x",MucHoTro!$C$5,IF(H34="x",MucHoTro!$D$5,IF(I34="x",MucHoTro!$E$5))) -> 1.5 | L34: =J34*K34 -> 1.5 | M34: =L34*2000000 -> 3000000 | N34: =IF(F34<>"",INDEX(MucHoTro!$B$5:$B$10,MATCH(Sheet1!F34,MucHoTro!$G$5:$G$10,0),1),"") -> Tạp chí trong nhóm Q3 thuộc lĩnh vực nghiên cứu gần nhất của bài báo (Q3)
A35: 31 | B35: A novel artificial intelligence technique for analyzing slope stability using PSO-CA model | C35: Zhenyan Luo, Bùi Xuân Nam, Hoang Nguyen, Hossein Moayedi | F35: Q1 | G35: x | J35: =IF(F35="Q1a",MucHoTro!$H$5,IF(F35="Q1b",MucHoTro!$H$6,IF(F35="Q2",MucHoTro!$H$7,IF(F35="Q3",MucHoTro!$H$8,IF(F35="Q4",MucHoTro!$H$9))))) -> FALSE | K35: =IF(G35="x",MucHoTro!$C$5,IF(H35="x",MucHoTro!$D$5,IF(I35="x",MucHoTro!$E$5))) -> 1.5 | L35: =J35*K35 -> 0 | M35: =L35*2000000 -> 0 | N35: =IF(F35<>"",INDEX(MucHoTro!$B$5:$B$10,MATCH(Sheet1!F35,MucHoTro!$G$5:$G$10,0),1),"") -> #N/A
A36: 32 | B36: A Novel Swarm Intelligence—Harris Hawks Optimization for Spatial Assessment of Landslide Susceptibility | C36: Dieu Tien Bui, Hossein Moayedi, Bahareh Kalantar, Abdolreza Osouli, Biswajeet Pradhan, Nguyễn Hoàng, Ahmad Safuan A Rashid | F36: Q1 | I36: x | J36: =IF(F36="Q1a",MucHoTro!$H$5,IF(F36="Q1b",MucHoTro!$H$6,IF(F36="Q2",MucHoTro!$H$7,IF(F36="Q3",MucHoTro!$H$8,IF(F36="Q4",MucHoTro!$H$9))))) -> FALSE | K36: =IF(G36="x",MucHoTro!$C$5,IF(H36="x",MucHoTro!$D$5,IF(I36="x",MucHoTro!$E$5))) -> 1 | L36: =J36*K36 -> 0 | M36: =L36*2000000 -> 0 | N36: =IF(F36<>"",INDEX(MucHoTro!$B$5:$B$10,MATCH(Sheet1!F36,MucHoTro!$G$5:$G$10,0),1),"") -> #N/A
A37: 33 | B37: Forecasting mining capital cost for open-pit mining projects based on artificial neural network approach | C37: Hongquan Guo, Hoang Nguyen, Vũ Diệp Anh, Bùi Xuân Nam (đồng tác giả) | F37: Q1 | I37: x | J37: =IF(F37="Q1a",MucHoTro!$H$5,IF(F37="Q1b",MucHoTro!$H$6,IF(F37="Q2",MucHoTro!$H$7,IF(F37="Q3",MucHoTro!$H$8,IF(F37="Q4",MucHoTro!$H$9))))) -> FALSE | K37: =IF(G37="x",MucHoTro!$C$5,IF(H37="x",MucHoTro!$D$5,IF(I37="x",MucHoTro!$E$5))) -> 1 | L37: =J37*K37 -> 0 | M37: =L37*2000000 -> 0 | N37: =IF(F37<>"",INDEX(MucHoTro!$B$5:$B$10,MATCH(Sheet1!F37,MucHoTro!$G$5:$G$10,0),1),"") -> #N/A
A38: 34 | B38: Prediction of Pullout Behavior of Belled Piles through Various Machine Learning Modelling Techniques | C38: Dieu Tien Bui, Hossein Moayedi, Mu’azu Mohammed Abdullahi, Ahmad Safuan A Rashid, Nguyễn Hoàng (đồng tác giả) | F38: Q1 | I38: x | J38: =IF(F38="Q1a",MucHoTro!$H$5,IF(F38="Q1b",MucHoTro!$H$6,IF(F38="Q2",MucHoTro!$H$7,IF(F38="Q3",MucHoTro!$H$8,IF(F38="Q4",MucHoTro!$H$9))))) -> FALSE | K38: =IF(G38="x",MucHoTro!$C$5,IF(H38="x",MucHoTro!$D$5,IF(I38="x",MucHoTro!$E$5))) -> 1 | L38: =J38*K38 -> 0 | M38: =L38*2000000 -> 0 | N38: =IF(F38<>"",INDEX(MucHoTro!$B$5:$B$10,MATCH(Sheet1!F38,MucHoTro!$G$5:$G$10,0),1),"") -> #N/A
A39: 35 | B39: Computational Intelligence Model for Estimating Intensity of Blast-Induced Ground Vibration in a Mine Based on Imperialist Competitive and Extreme Gradient Boosting Algorithms | C39: Ziwei Ding, Hoang Nguyen, Bùi Xuân Nam (đồng tác giả), Jian Zhou, Hossein Moayedi | F39: Q2 | I39: x | J39: =IF(F39="Q1a",MucHoTro!$H$5,IF(F39="Q1b",MucHoTro!$H$6,IF(F39="Q2",MucHoTro!$H$7,IF(F39="Q3",MucHoTro!$H$8,IF(F39="Q4",MucHoTro!$H$9))))) -> 1.2 | K39: =IF(G39="x",MucHoTro!$C$5,IF(H39="x",MucHoTro!$D$5,IF(I39="x",MucHoTro!$E$5))) -> 1 | L39: =J39*K39 -> 1.2 | M39: =L39*2000000 -> 2400000 | N39: =IF(F39<>"",INDEX(MucHoTro!$B$5:$B$10,MATCH(Sheet1!F39,MucHoTro!$G$5:$G$10,0),1),"") -> Tạp chí trong nhóm Q2 thuộc lĩnh vực nghiên cứu gần nhất của bài báo (Q2)
A40: 36 | B40: Fine-tuning of neural computing using whale optimization algorithm for predicting compressive strength of concrete | C40: Dieu Tien Bui, Mu’azu Mohammed Abdullahi, Soheil Ghareh, Hossein Moayedi, Nguyễn Hoàng (đồng tác giả) | F40: Q1 | I40: x | J40: =IF(F40="Q1a",MucHoTro!$H$5,IF(F40="Q1b",MucHoTro!$H$6,IF(F40="Q2",MucHoTro!$H$7,IF(F40="Q3",MucHoTro!$H$8,IF(F40="Q4",MucHoTro!$H$9))))) -> FALSE | K40: =IF(G40="x",MucHoTro!$C$5,IF(H40="x",MucHoTro!$D$5,IF(I40="x",MucHoTro!$E$5))) -> 1 | L40: =J40*K40 -> 0 | M40: =L40*2000000 -> 0 | N40: =IF(F40<>"",INDEX(MucHoTro!$B$5:$B$10,MATCH(Sheet1!F40,MucHoTro!$G$5:$G$10,0),1),"") -> #N/A
A41: 37 | B41: A Novel Hybrid Model for Predicting Blast-Induced Ground Vibration Based on k-Nearest Neighbors and Particle Swarm Optimization | C41: Bùi Xuân Nam, Pirat Jaroonpattanapong, Hoang Nguyen, Trần Quang Hiếu, Nguyễn Quốc Long | F41: Q1 | I41: x | J41: =IF(F41="Q1a",MucHoTro!$H$5,IF(F41="Q1b",MucHoTro!$H$6,IF(F41="Q2",MucHoTro!$H$7,IF(F41="Q3",MucHoTro!$H$8,IF(F41="Q4",MucHoTro!$H$9))))) -> FALSE | K41: =IF(G41="x",MucHoTro!$C$5,IF(H41="x",MucHoTro!$D$5,IF(I41="x",MucHoTro!$E$5))) -> 1 | L41: =J41*K41 -> 0 | M41: =L41*2000000 -> 0 | N41: =IF(F41<>"",INDEX(MucHoTro!$B$5:$B$10,MATCH(Sheet1!F41,MucHoTro!$G$5:$G$10,0),1),"") -> #N/A
A42: 38 | B42: Toward a state-of-the-art of fly-rock prediction technology in open-pit mines using EANNs model | C42: Hoang Nguyen, Bùi Xuân Nam, Trung Nguyen-Thoi, Prashanth Ragam, Hossein Moayedi | F42: Q1 | G42: x | J42: =IF(F42="Q1a",MucHoTro!$H$5,IF(F42="Q1b",MucHoTro!$H$6,IF(F42="Q2",MucHoTro!$H$7,IF(F42="Q3",MucHoTro!$H$8,IF(F42="Q4",MucHoTro!$H$9))))) -> FALSE | K42: =IF(G42="x",MucHoTro!$C$5,IF(H42="x",MucHoTro!$D$5,IF(I42="x",MucHoTro!$E$5))) -> 1.5 | L42: =J42*K42 -> 0 | M42: =L42*2000000 -> 0 | N42: =IF(F42<>"",INDEX(MucHoTro!$B$5:$B$10,MATCH(Sheet1!F42,MucHoTro!$G$5:$G$10,0),1),"") -> #N/A
A43: 39 | B43: Prediction of Blast-Induced Ground Vibration Intensity in Open-Pit Mines Using Unmanned Aerial Vehicle and a Novel Intelligence System | C43: Bùi Xuân Nam (tác giả đầu), Yosoon Choi, Victor Atrushkevich, Nguyễn Hoàng, Trần Quang Hiếu, Nguyễn Quốc Long, Hung-Thang Hoang | F43: Q2 | I43: x | J43: =IF(F43="Q1a",MucHoTro!$H$5,IF(F43="Q1b",MucHoTro!$H$6,IF(F43="Q2",MucHoTro!$H$7,IF(F43="Q3",MucHoTro!$H$8,IF(F43="Q4",MucHoTro!$H$9))))) -> 1.2 | K43: =IF(G43="x",MucHoTro!$C$5,IF(H43="x",MucHoTro!$D$5,IF(I43="x",MucHoTro!$E$5))) -> 1 | L43: =J43*K43 -> 1.2 | M43: =L43*2000000 -> 2400000 | N43: =IF(F43<>"",INDEX(MucHoTro!$B$5:$B$10,MATCH(Sheet1!F43,MucHoTro!$G$5:$G$10,0),1),"") -> Tạp chí trong nhóm Q2 thuộc lĩnh vực nghiên cứu gần nhất của bài báo (Q2)
A44: 40 | B44: Estimation of Blast-Induced Air Overpressure in Quarry Mines Using Cubist-Based Genetic Algorithm | C44: Qiancheng Fang, Hoang Nguyen, Bùi Xuân Nam, Trần Quang Hiếu (đồng tác giả) | F44: Q2 | I44: x | J44: =IF(F44="Q1a",MucHoTro!$H$5,IF(F44="Q1b",MucHoTro!$H$6,IF(F44="Q2",MucHoTro!$H$7,IF(F44="Q3",MucHoTro!$H$8,IF(F44="Q4",MucHoTro!$H$9))))) -> 1.2 | K44: =IF(G44="x",MucHoTro!$C$5,IF(H44="x",MucHoTro!$D$5,IF(I44="x",MucHoTro!$E$5))) -> 1 | L44: =J44*K44 -> 1.2 | M44: =L44*2000000 -> 2400000 | N44: =IF(F44<>"",INDEX(MucHoTro!$B$5:$B$10,MATCH(Sheet1!F44,MucHoTro!$G$5:$G$10,0),1),"") -> Tạp chí trong nhóm Q2 thuộc lĩnh vực nghiên cứu gần nhất của bài báo (Q2)
A45: 41 | B45: Prediction of Blast-Induced Ground Vibration in Open-Pit Mines Using a New Technique Based on Imperialist Competitive Algorithm and M5Rules | C45: Qiancheng Fang, Hoang Nguyen, Bùi Xuân Nam (đồng tác giả), Trung Nguyen-Thoi | F45: Q2 | I45: x | J45: =IF(F45="Q1a",MucHoTro!$H$5,IF(F45="Q1b",MucHoTro!$H$6,IF(F45="Q2",MucHoTro!$H$7,IF(F45="Q3",MucHoTro!$H$8,IF(F45="Q4",MucHoTro!$H$9))))) -> 1.2 | K45: =IF(G45="x",MucHoTro!$C$5,IF(H45="x",MucHoTro!$D$5,IF(I45="x",MucHoTro!$E$5))) -> 1 | L45: =J45*K45 -> 1.2 | M45: =L45*2000000 -> 2400000 | N45: =IF(F45<>"",INDEX(MucHoTro!$B$5:$B$10,MATCH(Sheet1!F45,MucHoTro!$G$5:$G$10,0),1),"") -> Tạp chí trong nhóm Q2 thuộc lĩnh vực nghiên cứu gần nhất của bài báo (Q2)
A46: 42 | B46: Nonlinear evolutionary swarm intelligence of grasshopper optimization algorithm and gray wolf optimization for weight adjustment of neural network | C46: Hossein Moayedi, Nguyễn Hoàng (đồng tác giả), Loke Kok Foong | F46: Q1 | G46: x | J46: =IF(F46="Q1a",MucHoTro!$H$5,IF(F46="Q1b",MucHoTro!$H$6,IF(F46="Q2",MucHoTro!$H$7,IF(F46="Q3",MucHoTro!$H$8,IF(F46="Q4",MucHoTro!$H$9))))) -> FALSE | K46: =IF(G46="x",MucHoTro!$C$5,IF(H46="x",MucHoTro!$D$5,IF(I46="x",MucHoTro!$E$5))) -> 1.5 | L46: =J46*K46 -> 0 | M46: =L46*2000000 -> 0 | N46: =IF(F46<>"",INDEX(MucHoTro!$B$5:$B$10,MATCH(Sheet1!F46,MucHoTro!$G$5:$G$10,0),1),"") -> #N/A
A47: 43 | B47: A Novel Artificial Intelligence Technique to Estimate the Gross Calorific Value of Coal Based on Meta-Heuristic and Support Vector Regression Algorithms | C47: Bùi Hoàng Bắc (tác giả chính), Hoang Nguyen, Yosoon Choi, Bùi Xuân Nam, Trung Nguyen-Thoi, Yousef Zandi | F47: Q1 | G47: x | J47: =IF(F47="Q1a",MucHoTro!$H$5,IF(F47="Q1b",MucHoTro!$H$6,IF(F47="Q2",MucHoTro!$H$7,IF(F47="Q3",MucHoTro!$H$8,IF(F47="Q4",MucHoTro!$H$9))))) -> FALSE | K47: =IF(G47="x",MucHoTro!$C$5,IF(H47="x",MucHoTro!$D$5,IF(I47="x",MucHoTro!$E$5))) -> 1.5 | L47: =J47*K47 -> 0 | M47: =L47*2000000 -> 0 | N47: =IF(F47<>"",INDEX(MucHoTro!$B$5:$B$10,MATCH(Sheet1!F47,MucHoTro!$G$5:$G$10,0),1),"") -> #N/A
A48: 44 | B48: Two novel neural-evolutionary predictive techniques of dragonfly algorithm (DA) and biogeography-based optimization (BBO) for landslide susceptibility analysis | C48: Hossein Moayedi, Abdolreza Osouli, Dieu Tien Bui, Loke Kok Foong, Nguyễn Hoàng (đồng tác giả), Bahareh Kalantar | F48: Q1 | G48: x | J48: =IF(F48="Q1a",MucHoTro!$H$5,IF(F48="Q1b",MucHoTro!$H$6,IF(F48="Q2",MucHoTro!$H$7,IF(F48="Q3",MucHoTro!$H$8,IF(F48="Q4",MucHoTro!$H$9))))) -> FALSE | K48: =IF(G48="x",MucHoTro!$C$5,IF(H48="x",MucHoTro!$D$5,IF(I48="x",MucHoTro!$E$5))) -> 1.5 | L48: =J48*K48 -> 0 | M48: =L48*2000000 -> 0 | N48: =IF(F48<>"",INDEX(MucHoTro!$B$5:$B$10,MATCH(Sheet1!F48,MucHoTro!$G$5:$G$10,0),1),"") -> #N/A
A49: 45 | B49: Experimental and analytical analysis of the effect of fibre treatment on the thermomechanicalbehaviour of continuous carbon textile subjected to simultaneous elevated temperature and uniaxial tensile loadings | C49: Trần Mạnh Tiến (tác giả đầu), Xuan Hong VU*, Emmanuel FERRIER | F49: Q1 | G49: x | J49: =IF(F49="Q1a",MucHoTro!$H$5,IF(F49="Q1b",MucHoTro!$H$6,IF(F49="Q2",MucHoTro!$H$7,IF(F49="Q3",MucHoTro!$H$8,IF(F49="Q4",MucHoTro!$H$9))))) -> FALSE | K49: =IF(G49="x",MucHoTro!$C$5,IF(H49="x",MucHoTro!$D$5,IF(I49="x",MucHoTro!$E$5))) -> 1.5 | L49: =J49*K49 -> 0 | M49: =L49*2000000 -> 0 | N49: =IF(F49<>"",INDEX(MucHoTro!$B$5:$B$10,MATCH(Sheet1!F49,MucHoTro!$G$5:$G$10,0),1),"") -> #N/A
A50: 46 | B50: Mesoscale experimental investigation of thermomechanicalbehaviour of the carbon textile reinforced refractory concrete under simultaneous mechanical loading and elevated temperature | C50: Trần Mạnh Tiến (tác giả đầu), Xuan Hong VU*, Emmanuel FERRIER | F50: Q1 | G50: x | J50: =IF(F50="Q1a",MucHoTro!$H$5,IF(F50="Q1b",MucHoTro!$H$6,IF(F50="Q2",MucHoTro!$H$7,IF(F50="Q3",MucHoTro!$H$8,IF(F50="Q4",MucHoTro!$H$9))))) -> FALSE | K50: =IF(G50="x",MucHoTro!$C$5,IF(H50="x",MucHoTro!$D$5,IF(I50="x",MucHoTro!$E$5))) -> 1.5 | L50: =J50*K50 -> 0 | M50: =L50*2000000 -> 0 | N50: =IF(F50<>"",INDEX(MucHoTro!$B$5:$B$10,MATCH(Sheet1!F50,MucHoTro!$G$5:$G$10,0),1),"") -> #N/A
A51: 47 | B51: A new cavability assessment for Longwall Top Coal Caving from discontinuum numerical analysis | C51: Lê Tiến Dũng (tác giả chính), Zhang Chengguo, Oh Joung, Mitra Rudrajit, Hebblewhite Bruce. | F51: Q1 | G51: x | J51: =IF(F51="Q1a",MucHoTro!$H$5,IF(F51="Q1b",MucHoTro!$H$6,IF(F51="Q2",MucHoTro!$H$7,IF(F51="Q3",MucHoTro!$H$8,IF(F51="Q4",MucHoTro!$H$9))))) -> FALSE | K51: =IF(G51="x",MucHoTro!$C$5,IF(H51="x",MucHoTro!$D$5,IF(I51="x",MucHoTro!$E$5))) -> 1.5 | L51: =J51*K51 -> 0 | M51: =L51*2000000 -> 0 | N51: =IF(F51<>"",INDEX(MucHoTro!$B$5:$B$10,MATCH(Sheet1!F51,MucHoTro!$G$5:$G$10,0),1),"") -> #N/A
A52: 48 | B52: Improving Accuracy of Altimeter-derived Marine Gravity Anomalies for Geological Structure Research in the Vietnam South-Central Continental Shelf and Adjacent Areas | C52: Trần Tuấn Dũng, R. G. Kulinich, Nguyễn Văn Sáng (Đồng tác giả), Bui Cong Que, Nguyen Ba Dai, Nguyen Kim Dung, Tran Tuan Duong, Tran Trong Lap | F52: Q3 | G52: x | J52: =IF(F52="Q1a",MucHoTro!$H$5,IF(F52="Q1b",MucHoTro!$H$6,IF(F52="Q2",MucHoTro!$H$7,IF(F52="Q3",MucHoTro!$H$8,IF(F52="Q4",MucHoTro!$H$9))))) -> 1 | K52: =IF(G52="x",MucHoTro!$C$5,IF(H52="x",MucHoTro!$D$5,IF(I52="x",MucHoTro!$E$5))) -> 1.5 | L52: =J52*K52 -> 1.5 | M52: =L52*2000000 -> 3000000 | N52: =IF(F52<>"",INDEX(MucHoTro!$B$5:$B$10,MATCH(Sheet1!F52,MucHoTro!$G$5:$G$10,0),1),"") -> Tạp chí trong nhóm Q3 thuộc lĩnh vực nghiên cứu gần nhất của bài báo (Q3)
A53: 49 | B53: A high-resolution gravimetric quasigeoid model for Vietnam | C53: Vũ Đình Toàn (tác giả chính, liên hệ), Sean Bruinsma, Sylvain Bonvalot | F53: 1.209 (SJR) | G53: x | J53: =IF(F53="Q1a",MucHoTro!$H$5,IF(F53="Q1b",MucHoTro!$H$6,IF(F53="Q2",MucHoTro!$H$7,IF(F53="Q3",MucHoTro!$H$8,IF(F53="Q4",MucHoTro!$H$9))))) -> FALSE | K53: =IF(G53="x",MucHoTro!$C$5,IF(H53="x",MucHoTro!$D$5,IF(I53="x",MucHoTro!$E$5))) -> 1.5 | L53: =J53*K53 -> 0 | M53: =L53*2000000 -> 0 | N53: =IF(F53<>"",INDEX(MucHoTro!$B$5:$B$10,MATCH(Sheet1!F53,MucHoTro!$G$5:$G$10,0),1),"") -> #N/A
A54: 50 | B54: Integrating Sentinel-1A SAR data and GIS to estimate aboveground biomass and carbon accumulation for tropical forest types in Thuan Chau district, Vietnam | C54: ManhVan Phamab,Tam MinhPhamb,Quan VuViet Dub, Quang-ThanhBuiab, Trần Vân Anh, Hai MinhPhamd, Thach NgocNguyenb | F54: Q2 | G54: x | J54: =IF(F54="Q1a",MucHoTro!$H$5,IF(F54="Q1b",MucHoTro!$H$6,IF(F54="Q2",MucHoTro!$H$7,IF(F54="Q3",MucHoTro!$H$8,IF(F54="Q4",MucHoTro!$H$9))))) -> 1.2 | K54: =IF(G54="x",MucHoTro!$C$5,IF(H54="x",MucHoTro!$D$5,IF(I54="x",MucHoTro!$E$5))) -> 1.5 | L54: =J54*K54 -> 1.8 | M54: =L54*2000000 -> 3600000 | N54: =IF(F54<>"",INDEX(MucHoTro!$B$5:$B$10,MATCH(Sheet1!F54,MucHoTro!$G$5:$G$10,0),1),"") -> Tạp chí trong nhóm Q2 thuộc lĩnh vực nghiên cứu gần nhất của bài báo (Q2)
A55: 51 | B55: On-line Smoothing and Error Modelling for Integration of GNSS and Visual Odometry | C55: Dương Thành Trung (tác giả chính, liên hệ), Kai-Wei Chiang and Dinh Thuan Le | F55: Q2 | G55: x | J55: =IF(F55="Q1a",MucHoTro!$H$5,IF(F55="Q1b",MucHoTro!$H$6,IF(F55="Q2",MucHoTro!$H$7,IF(F55="Q3",MucHoTro!$H$8,IF(F55="Q4",MucHoTro!$H$9))))) -> 1.2 | K55: =IF(G55="x",MucHoTro!$C$5,IF(H55="x",MucHoTro!$D$5,IF(I55="x",MucHoTro!$E$5))) -> 1.5 | L55: =J55*K55 -> 1.8 | M55: =L55*2000000 -> 3600000 | N55: =IF(F55<>"",INDEX(MucHoTro!$B$5:$B$10,MATCH(Sheet1!F55,MucHoTro!$G$5:$G$10,0),1),"") -> Tạp chí trong nhóm Q2 thuộc lĩnh vực nghiên cứu gần nhất của bài báo (Q2)
A56: 52 | B56: Downscaling Gridded DEMs Using the Hopfield Neural Network | C56: Nguyễn Quang Minh (tác giả chính); Nguyễn Thị Thu Hương; Phu Hien La; Hugh G. Lewis ; Peter M. Atkinson | F56: Q1 | G56: x | J56: =IF(F56="Q1a",MucHoTro!$H$5,IF(F56="Q1b",MucHoTro!$H$6,IF(F56="Q2",MucHoTro!$H$7,IF(F56="Q3",MucHoTro!$H$8,IF(F56="Q4",MucHoTro!$H$9))))) -> FALSE | K56: =IF(G56="x",MucHoTro!$C$5,IF(H56="x",MucHoTro!$D$5,IF(I56="x",MucHoTro!$E$5))) -> 1.5 | L56: =J56*K56 -> 0 | M56: =L56*2000000 -> 0 | N56: =IF(F56<>"",INDEX(MucHoTro!$B$5:$B$10,MATCH(Sheet1!F56,MucHoTro!$G$5:$G$10,0),1),"") -> #N/A
A57: 53 | B57: A hybrid computational intelligence approach for predicting soil shear strength for urban housing construction: a case study at Vinhomes Imperia project, Hai Phong city (Vietnam) | C57: Nhữ Việt Hà, Hoang Nhat Duc, Dương Văn Bình, Vu Hong Dang, Bui Tien Dieu | F57: Q1 | I57: x | J57: =IF(F57="Q1a",MucHoTro!$H$5,IF(F57="Q1b",MucHoTro!$H$6,IF(F57="Q2",MucHoTro!$H$7,IF(F57="Q3",MucHoTro!$H$8,IF(F57="Q4",MucHoTro!$H$9))))) -> FALSE | K57: =IF(G57="x",MucHoTro!$C$5,IF(H57="x",MucHoTro!$D$5,IF(I57="x",MucHoTro!$E$5))) -> 1 | L57: =J57*K57 -> 0 | M57: =L57*2000000 -> 0 | N57: =IF(F57<>"",INDEX(MucHoTro!$B$5:$B$10,MATCH(Sheet1!F57,MucHoTro!$G$5:$G$10,0),1),"") -> #N/A
A58: 54 | B58: Advanced soft computing techniques for predicting soil compression coefficient in engineering project: a comparative study | C58: Nhữ Việt Hà (tác giả đầu), Pijush Samui, Deepak Kumar, Anshuman Singh, Hoang Nhat Duc, Bui Tien Dieu | F58: Q1 | G58: x | J58: =IF(F58="Q1a",MucHoTro!$H$5,IF(F58="Q1b",MucHoTro!$H$6,IF(F58="Q2",MucHoTro!$H$7,IF(F58="Q3",MucHoTro!$H$8,IF(F58="Q4",MucHoTro!$H$9))))) -> FALSE | K58: =IF(G58="x",MucHoTro!$C$5,IF(H58="x",MucHoTro!$D$5,IF(I58="x",MucHoTro!$E$5))) -> 1.5 | L58: =J58*K58 -> 0 | M58: =L58*2000000 -> 0 | N58: =IF(F58<>"",INDEX(MucHoTro!$B$5:$B$10,MATCH(Sheet1!F58,MucHoTro!$G$5:$G$10,0),1),"") -> #N/A
A59: 55 | B59: A New Approach of Hybrid Bee Colony Optimized Neural Computing to Estimate the Soil Compression Coefficient for a Housing Construction Project | C59: Pijush Samui, Bui Tien Dieu, Nhữ Việt Hà, Nguyen My Linh, Ngo Thi Phuong Thao, Bui Tien Dieu | F59: Q1 | G59: x | J59: =IF(F59="Q1a",MucHoTro!$H$5,IF(F59="Q1b",MucHoTro!$H$6,IF(F59="Q2",MucHoTro!$H$7,IF(F59="Q3",MucHoTro!$H$8,IF(F59="Q4",MucHoTro!$H$9))))) -> FALSE | K59: =IF(G59="x",MucHoTro!$C$5,IF(H59="x",MucHoTro!$D$5,IF(I59="x",MucHoTro!$E$5))) -> 1.5 | L59: =J59*K59 -> 0 | M59: =L59*2000000 -> 0 | N59: =IF(F59<>"",INDEX(MucHoTro!$B$5:$B$10,MATCH(Sheet1!F59,MucHoTro!$G$5:$G$10,0),1),"") -> #N/A
A60: 56 | B60: Utilizing Coal Bottom Ash from Thermal Power Plants in Vietnam as Partial Replacement of Aggregates in Concrete Pavement | C60: Nguyễn Thị Nụ, Thinh Phi Hong and Bùi Trường Sơn | F60: Q3 | I60: x | J60: =IF(F60="Q1a",MucHoTro!$H$5,IF(F60="Q1b",MucHoTro!$H$6,IF(F60="Q2",MucHoTro!$H$7,IF(F60="Q3",MucHoTro!$H$8,IF(F60="Q4",MucHoTro!$H$9))))) -> 1 | K60: =IF(G60="x",MucHoTro!$C$5,IF(H60="x",MucHoTro!$D$5,IF(I60="x",MucHoTro!$E$5))) -> 1 | L60: =J60*K60 -> 1 | M60: =L60*2000000 -> 2000000 | N60: =IF(F60<>"",INDEX(MucHoTro!$B$5:$B$10,MATCH(Sheet1!F60,MucHoTro!$G$5:$G$10,0),1),"") -> Tạp chí trong nhóm Q3 thuộc lĩnh vực nghiên cứu gần nhất của bài báo (Q3)
A61: 57 | B61: An Experimental Study of Reusing Coal Ash for Base Course of Road Pavement in Viet Nam | C61: Nguyễn Thị Nụ, Bùi Trường Sơn, Do Minh Ngoc | F61: Q4 | I61: x | J61: =IF(F61="Q1a",MucHoTro!$H$5,IF(F61="Q1b",MucHoTro!$H$6,IF(F61="Q2",MucHoTro!$H$7,IF(F61="Q3",MucHoTro!$H$8,IF(F61="Q4",MucHoTro!$H$9))))) -> 0.9 | K61: =IF(G61="x",MucHoTro!$C$5,IF(H61="x",MucHoTro!$D$5,IF(I61="x",MucHoTro!$E$5))) -> 1 | L61: =J61*K61 -> 0.9 | M61: =L61*2000000 -> 1800000 | N61: =IF(F61<>"",INDEX(MucHoTro!$B$5:$B$10,MATCH(Sheet1!F61,MucHoTro!$G$5:$G$10,0),1),"") -> Tạp chí trong nhóm Q4 thuộc lĩnh vực nghiên cứu gần nhất của bài báo (Q4)
A62: 58 | B62: Investigation into Groundwater Resources in Southetn Part of the Rad River’s Delta Plain, Vietnam by the Use of Isotopic Techniques | C62: Nguyễn Văn Lâm (tác giả đầu), Hoang Van Hoan, Dang Duc Nhan | F62: Q1 | G62: x | J62: =IF(F62="Q1a",MucHoTro!$H$5,IF(F62="Q1b",MucHoTro!$H$6,IF(F62="Q2",MucHoTro!$H$7,IF(F62="Q3",MucHoTro!$H$8,IF(F62="Q4",MucHoTro!$H$9))))) -> FALSE | K62: =IF(G62="x",MucHoTro!$C$5,IF(H62="x",MucHoTro!$D$5,IF(I62="x",MucHoTro!$E$5))) -> 1.5 | L62: =J62*K62 -> 0 | M62: =L62*2000000 -> 0 | N62: =IF(F62<>"",INDEX(MucHoTro!$B$5:$B$10,MATCH(Sheet1!F62,MucHoTro!$G$5:$G$10,0),1),"") -> #N/A
A63: 59 | B63: Estimating groundwater recharge for Hanoi, Vietnam | C63: Vũ Văn Hưng (tác giả chính, tác giả liên hệ), Broder J. Merkel | F63: Q1 | H63: x | J63: =IF(F63="Q1a",MucHoTro!$H$5,IF(F63="Q1b",MucHoTro!$H$6,IF(F63="Q2",MucHoTro!$H$7,IF(F63="Q3",MucHoTro!$H$8,IF(F63="Q4",MucHoTro!$H$9))))) -> FALSE | K63: =IF(G63="x",MucHoTro!$C$5,IF(H63="x",MucHoTro!$D$5,IF(I63="x",MucHoTro!$E$5))) -> 1.25 | L63: =J63*K63 -> 0 | M63: =L63*2000000 -> 0 | N63: =IF(F63<>"",INDEX(MucHoTro!$B$5:$B$10,MATCH(Sheet1!F63,MucHoTro!$G$5:$G$10,0),1),"") -> #N/A
A64: 60 | B64: Mineralogical and geochemical constraints on the origin and evolution of albitites from Dmytrivka at the Oktiabrski complex, Southeast Ukraine | C64: MagdalenaDumańska-Słowik, TomaszPowolny, MagdalenaSikorska-Jaworowska, WiesławHeflik, VyacheslavMorgun, Tô Xuân Bản | F64: Q1 | H64: x | J64: =IF(F64="Q1a",MucHoTro!$H$5,IF(F64="Q1b",MucHoTro!$H$6,IF(F64="Q2",MucHoTro!$H$7,IF(F64="Q3",MucHoTro!$H$8,IF(F64="Q4",MucHoTro!$H$9))))) -> FALSE | K64: =IF(G64="x",MucHoTro!$C$5,IF(H64="x",MucHoTro!$D$5,IF(I64="x",MucHoTro!$E$5))) -> 1.25 | L64: =J64*K64 -> 0 | M64: =L64*2000000 -> 0 | N64: =IF(F64<>"",INDEX(MucHoTro!$B$5:$B$10,MATCH(Sheet1!F64,MucHoTro!$G$5:$G$10,0),1),"") -> #N/A
A65: 61 | B65: Cambrian intra–oceanic arc trondhjemite and tonalite in the Tam Ky–Phuoc Son Suture Zone, central Vietnam: Implications for the early Paleozoic assembly of the Indochina Block | C65: Nguyễn Minh Quyền (tác giả chính), Qinglai Feng,Jian-WeiZi,Tianyu Zhao, Trần Thanh Hải, Ngô Xuân Thành, Dung My Tran, Nguyễn Quốc Hưng | F65: Q1 | G65: x | J65: =IF(F65="Q1a",MucHoTro!$H$5,IF(F65="Q1b",MucHoTro!$H$6,IF(F65="Q2",MucHoTro!$H$7,IF(F65="Q3",MucHoTro!$H$8,IF(F65="Q4",MucHoTro!$H$9))))) -> FALSE | K65: =IF(G65="x",MucHoTro!$C$5,IF(H65="x",MucHoTro!$D$5,IF(I65="x",MucHoTro!$E$5))) -> 1.5 | L65: =J65*K65 -> 0 | M65: =L65*2000000 -> 0 | N65: =IF(F65<>"",INDEX(MucHoTro!$B$5:$B$10,MATCH(Sheet1!F65,MucHoTro!$G$5:$G$10,0),1),"") -> #N/A
A66: 62 | B66: Determination of Abundances of Fifty‐Two Elements in Natural Waters by ICP‐MS with Freeze‐Drying Pre‐concentration | C66: Hoàng Đình Quế (tác giả chính), Tak Kunihiro, Chie Sakaguchi, Masahiro Yamanaka, Hiroshi Kitagawa, Eizo Nakamura | F66: Q1 | G66: x | J66: =IF(F66="Q1a",MucHoTro!$H$5,IF(F66="Q1b",MucHoTro!$H$6,IF(F66="Q2",MucHoTro!$H$7,IF(F66="Q3",MucHoTro!$H$8,IF(F66="Q4",MucHoTro!$H$9))))) -> FALSE | K66: =IF(G66="x",MucHoTro!$C$5,IF(H66="x",MucHoTro!$D$5,IF(I66="x",MucHoTro!$E$5))) -> 1.5 | L66: =J66*K66 -> 0 | M66: =L66*2000000 -> 0 | N66: =IF(F66<>"",INDEX(MucHoTro!$B$5:$B$10,MATCH(Sheet1!F66,MucHoTro!$G$5:$G$10,0),1),"") -> #N/A
A67: 63 | B67: Provenance, routing and weathering history of heavy minerals from coastal placer deposits of southern Vietnam | C67: Nguyễn Hữu Hiệp (tác giả chính, liên hệ), Andrew Carter, Hoàng Văn Long, Vũ Trường Sơn | F67: Q1 | G67: x | J67: =IF(F67="Q1a",MucHoTro!$H$5,IF(F67="Q1b",MucHoTro!$H$6,IF(F67="Q2",MucHoTro!$H$7,IF(F67="Q3",MucHoTro!$H$8,IF(F67="Q4",MucHoTro!$H$9))))) -> FALSE | K67: =IF(G67="x",MucHoTro!$C$5,IF(H67="x",MucHoTro!$D$5,IF(I67="x",MucHoTro!$E$5))) -> 1.5 | L67: =J67*K67 -> 0 | M67: =L67*2000000 -> 0 | N67: =IF(F67<>"",INDEX(MucHoTro!$B$5:$B$10,MATCH(Sheet1!F67,MucHoTro!$G$5:$G$10,0),1),"") -> #N/A
A68: 64 | B68: A Tentative Record of Mid-Holocene Sea-Level Highstand and Barrier Overwash from the Cam River Mouth, Vietnam | C68: Harry Williams, Hoàng Văn Long , Patrick Elliott, Nguyễn Hữu Hiệp (Đồng tác giả) , Mạnh Hà | F68: Q2 | G68: x | J68: =IF(F68="Q1a",MucHoTro!$H$5,IF(F68="Q1b",MucHoTro!$H$6,IF(F68="Q2",MucHoTro!$H$7,IF(F68="Q3",MucHoTro!$H$8,IF(F68="Q4",MucHoTro!$H$9))))) -> 1.2 | K68: =IF(G68="x",MucHoTro!$C$5,IF(H68="x",MucHoTro!$D$5,IF(I68="x",MucHoTro!$E$5))) -> 1.5 | L68: =J68*K68 -> 1.8 | M68: 6980000 | N68: =IF(F68<>"",INDEX(MucHoTro!$B$5:$B$10,MATCH(Sheet1!F68,MucHoTro!$G$5:$G$10,0),1),"") -> Tạp chí trong nhóm Q2 thuộc lĩnh vực nghiên cứu gần nhất của bài báo (Q2)
A69: 65 | B69: Does Neoproterozoic Nam Co Formation in Northwest Vietnam belong to South China or Indochina? | C69: Xueyao Zhou, Jin-Hai Yu, Tao Sun, Xiaolei Wang, My Dung Tran, Nguyễn Đình Luyện (đồng tác giả) | F69: Q1 | G69: x | J69: =IF(F69="Q1a",MucHoTro!$H$5,IF(F69="Q1b",MucHoTro!$H$6,IF(F69="Q2",MucHoTro!$H$7,IF(F69="Q3",MucHoTro!$H$8,IF(F69="Q4",MucHoTro!$H$9))))) -> FALSE | K69: =IF(G69="x",MucHoTro!$C$5,IF(H69="x",MucHoTro!$D$5,IF(I69="x",MucHoTro!$E$5))) -> 1.5 | L69: =J69*K69 -> 0 | M69: =L69*2000000 -> 0 | N69: =IF(F69<>"",INDEX(MucHoTro!$B$5:$B$10,MATCH(Sheet1!F69,MucHoTro!$G$5:$G$10,0),1),"") -> #N/A
A70: 66 | B70: Drought and Human impacts on land use and land cover change in a Vietnamese coastal area | C70: Trần Thị Hòa (tác giả chính, liên hệ), James B. Campbell, Randolph H. Wynne, Yang Shao, Phan Viết Sơn (đồng tác giả) | F70: Q1 | G70: x | J70: =IF(F70="Q1a",MucHoTro!$H$5,IF(F70="Q1b",MucHoTro!$H$6,IF(F70="Q2",MucHoTro!$H$7,IF(F70="Q3",MucHoTro!$H$8,IF(F70="Q4",MucHoTro!$H$9))))) -> FALSE | K70: =IF(G70="x",MucHoTro!$C$5,IF(H70="x",MucHoTro!$D$5,IF(I70="x",MucHoTro!$E$5))) -> 1.5 | L70: =J70*K70 -> 0 | M70: =L70*2000000 -> 0 | N70: =IF(F70<>"",INDEX(MucHoTro!$B$5:$B$10,MATCH(Sheet1!F70,MucHoTro!$G$5:$G$10,0),1),"") -> #N/A
A71: 67 | B71: Thermal Fluctuations in the Phase Structure of the Excitonic Insulator Charge Density Wave State in the Extended Falicov-Kimball Model | C71: Đỗ Thị Hồng Hải (tác giả đầu), Huu-Nha Nguyen and Van-Nham Phan | F71: Q2 | G71: x | J71: =IF(F71="Q1a",MucHoTro!$H$5,IF(F71="Q1b",MucHoTro!$H$6,IF(F71="Q2",MucHoTro!$H$7,IF(F71="Q3",MucHoTro!$H$8,IF(F71="Q4",MucHoTro!$H$9))))) -> 1.2 | K71: =IF(G71="x",MucHoTro!$C$5,IF(H71="x",MucHoTro!$D$5,IF(I71="x",MucHoTro!$E$5))) -> 1.5 | L71: =J71*K71 -> 1.8 | M71: =L71*2000000 -> 3600000 | N71: =IF(F71<>"",INDEX(MucHoTro!$B$5:$B$10,MATCH(Sheet1!F71,MucHoTro!$G$5:$G$10,0),1),"") -> Tạp chí trong nhóm Q2 thuộc lĩnh vực nghiên cứu gần nhất của bài báo (Q2)
A72: 68 | B72: Synthesis and characterization of NaYF4:Yb3+,Er3+@silica-N¼folic acid nanocomplex for bioimaginable detecting MCF-7 breast cancer cells | C72: Ha Thi Phuong, Tran Thu Huong, Lê Thị Vinh (đồng tác giả), Hoang Thi Khuyen , Do Thi Thao, Nguyen Thanh Huong Pham Thi Lien , Le Quoc Minh | F72: Q2 | I72: x | J72: =IF(F72="Q1a",MucHoTro!$H$5,IF(F72="Q1b",MucHoTro!$H$6,IF(F72="Q2",MucHoTro!$H$7,IF(F72="Q3",MucHoTro!$H$8,IF(F72="Q4",MucHoTro!$H$9))))) -> 1.2 | K72: =IF(G72="x",MucHoTro!$C$5,IF(H72="x",MucHoTro!$D$5,IF(I72="x",MucHoTro!$E$5))) -> 1 | L72: =J72*K72 -> 1.2 | M72: =L72*2000000 -> 2400000 | N72: =IF(F72<>"",INDEX(MucHoTro!$B$5:$B$10,MATCH(Sheet1!F72,MucHoTro!$G$5:$G$10,0),1),"") -> Tạp chí trong nhóm Q2 thuộc lĩnh vực nghiên cứu gần nhất của bài báo (Q2)
A73: 69 | B73: Structural, Electrical, and Magnetic Properties of Bi0.90Nd0.10Fe0.98TM0.02O3 (TM = Mn, Co, Ni, and Cu) Materials | C73: Đào Việt Thắng (tác giả chính), Nguyễn Mạnh Hùng, Dư Thị Xuân Thảo (đồng tác giả), Le Thi Mai Oanh, Do Danh Bich, Nguyen Cao Khang, Van Quang Nguyen, and Nguyen Van Minh, | F73: Q2 | I73: x | J73: =IF(F73="Q1a",MucHoTro!$H$5,IF(F73="Q1b",MucHoTro!$H$6,IF(F73="Q2",MucHoTro!$H$7,IF(F73="Q3",MucHoTro!$H$8,IF(F73="Q4",MucHoTro!$H$9))))) -> 1.2 | K73: =IF(G73="x",MucHoTro!$C$5,IF(H73="x",MucHoTro!$D$5,IF(I73="x",MucHoTro!$E$5))) -> 1 | L73: =J73*K73 -> 1.2 | M73: =L73*2000000 -> 2400000 | N73: =IF(F73<>"",INDEX(MucHoTro!$B$5:$B$10,MATCH(Sheet1!F73,MucHoTro!$G$5:$G$10,0),1),"") -> Tạp chí trong nhóm Q2 thuộc lĩnh vực nghiên cứu gần nhất của bài báo (Q2)
A74: 70 | B74: Discovery of cycloartane-typetriterpene saponins from Mussaenda glabra, 33, 39-45, 2019. | C74: Vũ Kim Thư (tác giả đầu), Nguyen Xuan Bach, Luu The Anh, Do Thi Trang, Nguyen Xuan Nhiem, Bui Huu Tai, Phan Van Kiem, Chau Van Minh, SeonJu Park, Yohan Seo, Wan Namkung, Seung Hyun Kim | F74: Q2 | I74: x | J74: =IF(F74="Q1a",MucHoTro!$H$5,IF(F74="Q1b",MucHoTro!$H$6,IF(F74="Q2",MucHoTro!$H$7,IF(F74="Q3",MucHoTro!$H$8,IF(F74="Q4",MucHoTro!$H$9))))) -> 1.2 | K74: =IF(G74="x",MucHoTro!$C$5,IF(H74="x",MucHoTro!$D$5,IF(I74="x",MucHoTro!$E$5))) -> 1 | L74: =J74*K74 -> 1.2 | M74: =L74*2000000 -> 2400000 | N74: =IF(F74<>"",INDEX(MucHoTro!$B$5:$B$10,MATCH(Sheet1!F74,MucHoTro!$G$5:$G$10,0),1),"") -> Tạp chí trong nhóm Q2 thuộc lĩnh vực nghiên cứu gần nhất của bài báo (Q2)
A75: 71 | B75: Fabrication of Porous Hydroxyapatite Granules as an Effective Adsorbent for the Removal of Aqueous Pb(II) Ions | C75: Lê Thị Duyên (tác giả chính, liên hệ), Lê Thị Phương Thảo, Đỗ Thị Hải, Võ Thị Hạnh (đồng tác giả), Nam Thi Pham, Thom Thi Nguyen, Hong Thi Cao, Phuong Thu Nguyen, Thanh Mai Thi Dinh, Hai Viet Le, and Dai Lam Tran | F75: Q2 | I75: x | J75: =IF(F75="Q1a",MucHoTro!$H$5,IF(F75="Q1b",MucHoTro!$H$6,IF(F75="Q2",MucHoTro!$H$7,IF(F75="Q3",MucHoTro!$H$8,IF(F75="Q4",MucHoTro!$H$9))))) -> 1.2 | K75: =IF(G75="x",MucHoTro!$C$5,IF(H75="x",MucHoTro!$D$5,IF(I75="x",MucHoTro!$E$5))) -> 1 | L75: =J75*K75 -> 1.2 | M75: =L75*2000000 -> 2400000 | N75: =IF(F75<>"",INDEX(MucHoTro!$B$5:$B$10,MATCH(Sheet1!F75,MucHoTro!$G$5:$G$10,0),1),"") -> Tạp chí trong nhóm Q2 thuộc lĩnh vực nghiên cứu gần nhất của bài báo (Q2)
A76: 72 | B76: Dual-band isotropic metamaterial absorber based on near-field interaction in the Ku band | C76: The Linh Pham, Hong Tiep Dinh, Dinh Hai Le, Xuan Khuyen Bui, Son Tung Bui, Hong Luu Dang, Anh Duc Phan, Lê Đắc Tuyên (tác giả liên hệ), Dinh Lam Vu | F76: Q2 | J76: =IF(F76="Q1a",MucHoTro!$H$5,IF(F76="Q1b",MucHoTro!$H$6,IF(F76="Q2",MucHoTro!$H$7,IF(F76="Q3",MucHoTro!$H$8,IF(F76="Q4",MucHoTro!$H$9))))) -> 1.2 | K76: =IF(G76="x",MucHoTro!$C$5,IF(H76="x",MucHoTro!$D$5,IF(I76="x",MucHoTro!$E$5))) -> FALSE | L76: =J76*K76 -> 0 | M76: =L76*2000000 -> 0 | N76: =IF(F76<>"",INDEX(MucHoTro!$B$5:$B$10,MATCH(Sheet1!F76,MucHoTro!$G$5:$G$10,0),1),"") -> Tạp chí trong nhóm Q2 thuộc lĩnh vực nghiên cứu gần nhất của bài báo (Q2)
A77: 73 | B77: Multi-band and broadband metamaterial perfect absorber based on conductive polymer and near-field coupling | C77: Lê Đắc Tuyên (tác giả chính, liên hệ), Pham The Linh, Dang Hong Luu, Le Danh Phuong, Tống Bá Tuấn (đồng tác giả), Tran Manh Cuong, and Vu Dinh Lam | F77: Q4 | J77: =IF(F77="Q1a",MucHoTro!$H$5,IF(F77="Q1b",MucHoTro!$H$6,IF(F77="Q2",MucHoTro!$H$7,IF(F77="Q3",MucHoTro!$H$8,IF(F77="Q4",MucHoTro!$H$9))))) -> 0.9 | K77: =IF(G77="x",MucHoTro!$C$5,IF(H77="x",MucHoTro!$D$5,IF(I77="x",MucHoTro!$E$5))) -> FALSE | L77: =J77*K77 -> 0 | M77: =L77*2000000 -> 0 | N77: =IF(F77<>"",INDEX(MucHoTro!$B$5:$B$10,MATCH(Sheet1!F77,MucHoTro!$G$5:$G$10,0),1),"") -> Tạp chí trong nhóm Q4 thuộc lĩnh vực nghiên cứu gần nhất của bài báo (Q4)
A78: 74 | B78: Improvement of the corrosion protection of polypyrrole coating for CT3 mild steel with 10-camphorsulfonic acid and molybdate as inhibitor dopants | C78: Hà Mạnh Hùng (tác giả chính) , Duong Khanh Linh , Nguyen Thuy Chinh , Le Minh Duc , Vu Quoc Trung | F78: Q1 | J78: =IF(F78="Q1a",MucHoTro!$H$5,IF(F78="Q1b",MucHoTro!$H$6,IF(F78="Q2",MucHoTro!$H$7,IF(F78="Q3",MucHoTro!$H$8,IF(F78="Q4",MucHoTro!$H$9))))) -> FALSE | K78: =IF(G78="x",MucHoTro!$C$5,IF(H78="x",MucHoTro!$D$5,IF(I78="x",MucHoTro!$E$5))) -> FALSE | L78: =J78*K78 -> 0 | M78: =L78*2000000 -> 0 | N78: =IF(F78<>"",INDEX(MucHoTro!$B$5:$B$10,MATCH(Sheet1!F78,MucHoTro!$G$5:$G$10,0),1),"") -> #N/A
A79: 75 | B79: A Novel Approach for Fabricating LaMnO3 Thin Films Using Combined Microwave Combustion and Pulsed Electron Deposition Techniques | C79: Trần Thị Hà (tác giả chính), Cong Sai Doanh, Quoc Khoa Doan, Thi Trung Anh Tang, and Viet tuyen Nguyen, Quang Hoa Nguyen, Trong Tam Nguyen, Nguyen Hai Pham, Van Vu Le, Viet Bau Le, Thanh Cong Bach, Hoang Nam Nguyen, Khac Hieu Ho | F79: Q3 | J79: =IF(F79="Q1a",MucHoTro!$H$5,IF(F79="Q1b",MucHoTro!$H$6,IF(F79="Q2",MucHoTro!$H$7,IF(F79="Q3",MucHoTro!$H$8,IF(F79="Q4",MucHoTro!$H$9))))) -> 1 | K79: =IF(G79="x",MucHoTro!$C$5,IF(H79="x",MucHoTro!$D$5,IF(I79="x",MucHoTro!$E$5))) -> FALSE | L79: =J79*K79 -> 0 | M79: =L79*2000000 -> 0 | N79: =IF(F79<>"",INDEX(MucHoTro!$B$5:$B$10,MATCH(Sheet1!F79,MucHoTro!$G$5:$G$10,0),1),"") -> Tạp chí trong nhóm Q3 thuộc lĩnh vực nghiên cứu gần nhất của bài báo (Q3)
A80: 76 | B80: The interactive effect of the season and estuary position on the concentration of persistent organic pollutants in water and sediment from the Cua Dai estuary in Vietnam | C80: Tong Xuan Nguyen, Binh Thanh Nguyen, Trần Thị Thu Hương (đồng tác giả), Trinh Thi Le, Tham Thi Trinh, Thuy Thi Trinh, Minh Binh Tu, Ngoc-Dan-Thanh Cao, Hien Dieu Thi Vo | F80: Q1 | J80: =IF(F80="Q1a",MucHoTro!$H$5,IF(F80="Q1b",MucHoTro!$H$6,IF(F80="Q2",MucHoTro!$H$7,IF(F80="Q3",MucHoTro!$H$8,IF(F80="Q4",MucHoTro!$H$9))))) -> FALSE | K80: =IF(G80="x",MucHoTro!$C$5,IF(H80="x",MucHoTro!$D$5,IF(I80="x",MucHoTro!$E$5))) -> FALSE | L80: =J80*K80 -> 0 | M80: =L80*2000000 -> 0 | N80: =IF(F80<>"",INDEX(MucHoTro!$B$5:$B$10,MATCH(Sheet1!F80,MucHoTro!$G$5:$G$10,0),1),"") -> #N/A
A81: 77 | B81: Seasonal, Spatial Variation, and Potential Sources of Organochlorine Pesticides in Water and Sediment in the Lower Reaches of the Dong Nai River System in Vietnam | C81: Tong Xuan Nguyen, Binh Thanh Nguyen, Trần Thị Thu Hương (đồng tác giả), Huong Mai, Thuy Thi Duong, Quang‑Vu Bach | F81: Q2 | J81: =IF(F81="Q1a",MucHoTro!$H$5,IF(F81="Q1b",MucHoTro!$H$6,IF(F81="Q2",MucHoTro!$H$7,IF(F81="Q3",MucHoTro!$H$8,IF(F81="Q4",MucHoTro!$H$9))))) -> 1.2 | K81: =IF(G81="x",MucHoTro!$C$5,IF(H81="x",MucHoTro!$D$5,IF(I81="x",MucHoTro!$E$5))) -> FALSE | L81: =J81*K81 -> 0 | M81: =L81*2000000 -> 0 | N81: =IF(F81<>"",INDEX(MucHoTro!$B$5:$B$10,MATCH(Sheet1!F81,MucHoTro!$G$5:$G$10,0),1),"") -> Tạp chí trong nhóm Q2 thuộc lĩnh vực nghiên cứu gần nhất của bài báo (Q2)
A82: 78 | B82: Transitions in diatom assemblages and pigments through dry and wet season conditions in the Red River, Hanoi (Vietnam) | C82: Thi Thuy Duong, Hai Yen Nguyen, Thi Phuong Quynh Le, Trung Kien Nguyen, Trần Thị Thu Hương (đồng tác giả), Nhu Da Le, Dinh Kim Dang, Thi Nguyet Vu, Virginia Panizzo & Suzanne McGowan | F82: Q2 | J82: =IF(F82="Q1a",MucHoTro!$H$5,IF(F82="Q1b",MucHoTro!$H$6,IF(F82="Q2",MucHoTro!$H$7,IF(F82="Q3",MucHoTro!$H$8,IF(F82="Q4",MucHoTro!$H$9))))) -> 1.2 | K82: =IF(G82="x",MucHoTro!$C$5,IF(H82="x",MucHoTro!$D$5,IF(I82="x",MucHoTro!$E$5))) -> FALSE | L82: =J82*K82 -> 0 | M82: =L82*2000000 -> 0 | N82: =IF(F82<>"",INDEX(MucHoTro!$B$5:$B$10,MATCH(Sheet1!F82,MucHoTro!$G$5:$G$10,0),1),"") -> Tạp chí trong nhóm Q2 thuộc lĩnh vực nghiên cứu gần nhất của bài báo (Q2)
A83: 79 | B83: Design and performance of a coarse media, high hydraulic load polishing wetland for steel industry wastewater | C83: Viet Anh Nguyen , Minh Phuong Nguyen, Karin Tonderski, Đỗ Thị Hải (đồng tác giả) and Anh Thi Kim Bui | F83: Q2 | J83: =IF(F83="Q1a",MucHoTro!$H$5,IF(F83="Q1b",MucHoTro!$H$6,IF(F83="Q2",MucHoTro!$H$7,IF(F83="Q3",MucHoTro!$H$8,IF(F83="Q4",MucHoTro!$H$9))))) -> 1.2 | K83: =IF(G83="x",MucHoTro!$C$5,IF(H83="x",MucHoTro!$D$5,IF(I83="x",MucHoTro!$E$5))) -> FALSE | L83: =J83*K83 -> 0 | M83: =L83*2000000 -> 0 | N83: =IF(F83<>"",INDEX(MucHoTro!$B$5:$B$10,MATCH(Sheet1!F83,MucHoTro!$G$5:$G$10,0),1),"") -> Tạp chí trong nhóm Q2 thuộc lĩnh vực nghiên cứu gần nhất của bài báo (Q2)
A84: 80 | B84: Geological and geophysical studies of the Agoudal impact structure (Central High Atlas, Morocco): New evidence for crater size and age. | C84: Hasnaa Chennaoui Aoudjehan;David Baratoux; Mohammed Aoudjehane; André Charrière; Hassan Ibouh; Pierre Rochette; Yoann Quesnel; Minoru Uehara; Thomas Kenkmann; Gerwin Wulf; Michael Poelchau; Nguyễn Văn Bình (Đồng tác giả); Maria Aboulahris; Samira Makhoukhi; Georges Aumaître; Didier Bourlès; Karim Keddadouche | F84: Q2 | J84: =IF(F84="Q1a",MucHoTro!$H$5,IF(F84="Q1b",MucHoTro!$H$6,IF(F84="Q2",MucHoTro!$H$7,IF(F84="Q3",MucHoTro!$H$8,IF(F84="Q4",MucHoTro!$H$9))))) -> 1.2 | K84: =IF(G84="x",MucHoTro!$C$5,IF(H84="x",MucHoTro!$D$5,IF(I84="x",MucHoTro!$E$5))) -> FALSE | L84: =J84*K84 -> 0 | M84: =L84*2000000 -> 0 | N84: =IF(F84<>"",INDEX(MucHoTro!$B$5:$B$10,MATCH(Sheet1!F84,MucHoTro!$G$5:$G$10,0),1),"") -> Tạp chí trong nhóm Q2 thuộc lĩnh vực nghiên cứu gần nhất của bài báo (Q2)
A85: 81 | B85: Late Permian – Triassic granitic rocks of Vietnam: the Muong Lat example | C85: Tran Van Thanh, Pham Trung Hieu, Pham Minh, Đỗ Văn Nhuận (đồng tác giả) and Nguyễn Thị Bích Thủy (Đồng tác giả) | F85: Q1 | J85: =IF(F85="Q1a",MucHoTro!$H$5,IF(F85="Q1b",MucHoTro!$H$6,IF(F85="Q2",MucHoTro!$H$7,IF(F85="Q3",MucHoTro!$H$8,IF(F85="Q4",MucHoTro!$H$9))))) -> FALSE | K85: =IF(G85="x",MucHoTro!$C$5,IF(H85="x",MucHoTro!$D$5,IF(I85="x",MucHoTro!$E$5))) -> FALSE | L85: =J85*K85 -> 0 | M85: =L85*2000000 -> 0 | N85: =IF(F85<>"",INDEX(MucHoTro!$B$5:$B$10,MATCH(Sheet1!F85,MucHoTro!$G$5:$G$10,0),1),"") -> #N/A
A86: 82 | B86: An assessment of natural radioactivity in the Namxe Rare earth deposit, Laichau province, Vietnam" | C86: Phan Quang Văn (tác giả chính, tác giả liên hệ), Đào Trung Thành, Nguyễn Phương (đồng tác giả), Dinh Huan Trinh and Thomas Heinig | F86: Q3 | J86: =IF(F86="Q1a",MucHoTro!$H$5,IF(F86="Q1b",MucHoTro!$H$6,IF(F86="Q2",MucHoTro!$H$7,IF(F86="Q3",MucHoTro!$H$8,IF(F86="Q4",MucHoTro!$H$9))))) -> 1 | K86: =IF(G86="x",MucHoTro!$C$5,IF(H86="x",MucHoTro!$D$5,IF(I86="x",MucHoTro!$E$5))) -> FALSE | L86: =J86*K86 -> 0 | M86: =L86*2000000 -> 0 | N86: =IF(F86<>"",INDEX(MucHoTro!$B$5:$B$10,MATCH(Sheet1!F86,MucHoTro!$G$5:$G$10,0),1),"") -> Tạp chí trong nhóm Q3 thuộc lĩnh vực nghiên cứu gần nhất của bài báo (Q3)
A87: 83 | B87: Behaviors of crack propagation of rock-like material with different jointed thickness | C87: Phạm Thị Nhàn, Xu Xi , Sanda Suresh, (tác giả chính) | F87: Q3 | J87: =IF(F87="Q1a",MucHoTro!$H$5,IF(F87="Q1b",MucHoTro!$H$6,IF(F87="Q2",MucHoTro!$H$7,IF(F87="Q3",MucHoTro!$H$8,IF(F87="Q4",MucHoTro!$H$9))))) -> 1 | K87: =IF(G87="x",MucHoTro!$C$5,IF(H87="x",MucHoTro!$D$5,IF(I87="x",MucHoTro!$E$5))) -> FALSE | L87: =J87*K87 -> 0 | M87: =L87*2000000 -> 0 | N87: =IF(F87<>"",INDEX(MucHoTro!$B$5:$B$10,MATCH(Sheet1!F87,MucHoTro!$G$5:$G$10,0),1),"") -> Tạp chí trong nhóm Q3 thuộc lĩnh vực nghiên cứu gần nhất của bài báo (Q3)
... A120: 116 | B120: Structural analysis of consolidation settlement behaviour of soil treated with alternative cementing materials for foundation purposes | C120: Onyelowe Kennedy, Bùi Văn Đức (đồng tác giả) | F120: Q2 | J120: =IF(F120="Q1a",MucHoTro!$H$5,IF(F120="Q1b",MucHoTro!$H$6,IF(F120="Q2",MucHoTro!$H$7,IF(F120="Q3",MucHoTro!$H$8,IF(F120="Q4",MucHoTro!$H$9))))) -> 1.2 | K120: =IF(G120="x",MucHoTro!$C$5,IF(H120="x",MucHoTro!$D$5,IF(I120="x",MucHoTro!$E$5))) -> FALSE | L120: =J120*K120 -> 0 | M120: =L120*2000000 -> 0 | N120: =IF(F120<>"",INDEX(MucHoTro!$B$5:$B$10,MATCH(Sheet1!F120,MucHoTro!$G$5:$G$10,0),1),"") -> Tạp chí trong nhóm Q2 thuộc lĩnh vực nghiên cứu gần nhất của bài báo (Q2)
A121: Tổng | M121: =SUM(M5:M120) -> 90380000
A122: Ghi chú:
A123: Số tiền thực nhận được tính theo công thức sau: Số tiền thực nhận = Hệ số tác giả x Hệ số bài báo x 2.000.000
A124: Trong đó:
A125: Hệ số tác giả được xác định như sau:
B126: Nếu tác giả thứ nhất là cán bộ thuộc biên chế của Nhà trường | C126: Nếu tác giả liên hệ mà không là tác giả thứ nhất là cán bộ thuộc biên chế của Nhà trường | F126: Đồng tác giả
A127: Hệ số tác giả | B127: 1.5 | C127: 1.25 | F127: 1
A128: Hệ số bài báo được xác định như sau:
B129: Tạp chí nằm trong Top 30% tạp chí đứng đầu lĩnh vực nghiên cứu gần nhất của bài báo (Q1a) | C129: Tạp chí nằm ngoài Top 30% tạp chí đứng đầu nhóm Q1 thuộc lĩnh vực nghiên cứu gần nhất của bài báo (Q1b) | F129: Tạp chí trong nhóm Q2 thuộc lĩnh vực nghiên cứu gần nhất của bài báo (Q2) | H129: Tạp chí trong nhóm Q3 thuộc lĩnh vực nghiên cứu gần nhất của bài báo (Q3) | J129: Tạp chí trong nhóm Q4 thuộc lĩnh vực nghiên cứu gần nhất của bài báo (Q4)
A130: Hệ số bài báo | B130: =MucHoTro!H5 -> 2.23 | C130: =MucHoTro!H6 -> 1.3 | F130: =MucHoTro!H7 -> 1.2 | H130: =MucHoTro!H8 -> 1 | J130: =MucHoTro!H9 -> 0.9

Sheet MucHoTro
C2: Mức hỗ trợ (VNĐ)
A3: TT | B3: Loại tạp chí | C3: Nếu tác giả thứ nhất là cán bộ thuộc biên chế của Nhà trường | D3: Nếu tác giả liên hệ mà không là tác giả thứ nhất là cán bộ thuộc biên chế của Nhà trường | E3: Trường hợp khác | G3: Mã hiệu
A4: 1 | B4: Tạp chí thuộc danh mục ISI (SCI/SCIE)
A5: 1.1 | B5: =Sheet1!B129 -> Tạp chí nằm trong Top 30% tạp chí đứng đầu lĩnh vực nghiên cứu gần nhất của bài báo (Q1a) | C5: 1.5 | D5: 1.25 | E5: 1 | G5: Q1a | H5: 2.23
A6: 1.2 | B6: =Sheet1!C129 -> Tạp chí nằm ngoài Top 30% tạp chí đứng đầu nhóm Q1 thuộc lĩnh vực nghiên cứu gần nhất của bài báo (Q1b) | G6: Q1b | H6: 1.3
A7: 1.3 | B7: =Sheet1!F129 -> Tạp chí trong nhóm Q2 thuộc lĩnh vực nghiên cứu gần nhất của bài báo (Q2) | G7: Q2 | H7: 1.2
A8: 1.4 | B8: =Sheet1!H129 -> Tạp chí trong nhóm Q3 thuộc lĩnh vực nghiên cứu gần nhất của bài báo (Q3) | G8: Q3 | H8: 1
A9: 1.5 | B9: =Sheet1!J129 -> Tạp chí trong nhóm Q4 thuộc lĩnh vực nghiên cứu gần nhất của bài báo (Q4) | G9: Q4 | H9: 0.9
A10: 2 | B10: Tạp chí thuộc danh mục SCOPUS | G10: S
D11: Tổng chi | E11: =Sheet1!M121 -> 90380000
D12: Kinh phí Bộ cấp | E12: 277000000

Sheet Danh sach ca nhan nhan tien
A2: DANH SÁCH NHẬN THƯỞNG BÀI BÁO ĐĂNG TRÊN TẠP CHÍ UY TÍN QUỐC TẾ THUỘC HỆ THỐNG ISI, SCI, SCIE NĂM 2019
A3: (kèm theo quyết định số…………../QĐ-MĐC ngày…….tháng………năm 2020)
A5: TT | B5: Họ và tên | C5: Đơn vị công tác | D5: Số tiền thực nhận (vnđ) | E5: Số tài khoản | F5: Ghi chú
A6: 1 | B6: Bùi Hoàng Bắc | C6: BM Tìm kiếm thăm dò | D6: ='DS theo Quyet dinh khen thuong'!S70+'DS theo Quyet dinh khen thuong'!S78+'DS theo Quyet dinh khen thuong'!S85+'DS theo Quyet dinh khen thuong'!S93+'DS theo Quyet dinh khen thuong'!S95+'DS theo Quyet dinh khen thuong'!S116 -> 4085000 | E6: 21510000393158
A7: 2 | B7: Bùi Trường Sơn | C7: Bm Địa chất công trình | D7: ='DS theo Quyet dinh khen thuong'!S46+'DS theo Quyet dinh khen thuong'!S61 -> 1140000 | E7: 21510000076857
A8: 3 | B8: Bùi Văn Đức | C8: BM Kỹ thuật xây dựng | D8: ='DS theo Quyet dinh khen thuong'!S145+'DS theo Quyet dinh khen thuong'!S146+'DS theo Quyet dinh khen thuong'!S149+'DS theo Quyet dinh khen thuong'!S156+'DS theo Quyet dinh khen thuong'!S162+'DS theo Quyet dinh khen thuong'!S170+'DS theo Quyet dinh khen thuong'!S175+'DS theo Quyet dinh khen thuong'!S180+'DS theo Quyet dinh khen thuong'!S181 -> 15400000 | E8: 21510003009472
A9: 4 | B9: Bùi Xuân Nam | C9: BM Khai thác lộ thiên | D9: ='DS theo Quyet dinh khen thuong'!S63+'DS theo Quyet dinh khen thuong'!S66+'DS theo Quyet dinh khen thuong'!S68+'DS theo Quyet dinh khen thuong'!S71+'DS theo Quyet dinh khen thuong'!S75+'DS theo Quyet dinh khen thuong'!S77+'DS theo Quyet dinh khen thuong'!S79+'DS theo Quyet dinh khen thuong'!S80+'DS theo Quyet dinh khen thuong'!S86+'DS theo Quyet dinh khen thuong'!S90+'DS theo Quyet dinh khen thuong'!S92+'DS theo Quyet dinh khen thuong'!S94+'DS theo Quyet dinh khen thuong'!S98+'DS theo Quyet dinh khen thuong'!S102+'DS theo Quyet dinh khen thuong'!S104+'DS theo Quyet dinh khen thuong'!S107+'DS theo Quyet dinh khen thuong'!S110+'DS theo Quyet dinh khen thuong'!S111+'DS theo Quyet dinh khen thuong'!S113+'DS theo Quyet dinh khen thuong'!S118+'DS theo Quyet dinh khen thuong'!S119+'DS theo Quyet dinh khen thuong'!S120+'DS theo Quyet dinh khen thuong'!S126+'DS theo Quyet dinh khen thuong'!S127 -> 38625000 | E9: 21510000368059
A10: 5 | B10: Dư Thị Xuân Thảo | C10: BM Vật lý | D10: ='DS theo Quyet dinh khen thuong'!S37 -> 480000 | E10: 21510000360462 | F10: Nghỉ hưu từ 02/2020
A11: 6 | B11: Dương Thành Trung | C11: BM Trắc địa phổ thông và Sai số | D11: ='DS theo Quyet dinh khen thuong'!S143 -> 3600000 | E11: 21510000365306
A12: 7 | B12: Dương Thị Hiền Thanh | C12: Bm Tin học Kinh tế | D12: ='DS theo Quyet dinh khen thuong'!S7 -> 6690000 | E12: 21510000392155
A13: 8 | B13: Dương Văn Bình | C13: Bm Địa chất công trình | D13: ='DS theo Quyet dinh khen thuong'!S41 -> 780000 | E13: 21510000570304 | F13: Học TS tại Nga
A14: 9 | B14: Dương Văn Hào | C14: BM Địa vật lý | D14: ='DS theo Quyet dinh khen thuong'!S20 -> 2600000 | E14: 21510000820957
A15: 10 | B15: Đào Trung Thành | C15: BM Kỹ thuật môi trường | D15: ='DS theo Quyet dinh khen thuong'!S130 -> 400000 | E15: 44110000385118
A16: 11 | B16: Đào Viết Đoàn | C16: BM Xây dựng CTN và Mỏ | D16: ='DS theo Quyet dinh khen thuong'!S152 -> 3000000 | E16: 21510000363382
A17: 12 | B17: Đào Việt Thắng | C17: BM Vật lý | D17: ='DS theo Quyet dinh khen thuong'!S35 -> 2640000 | E17: 26010000060452
A18: 13 | B18: Đặng Trung Thành | C18: BM Xây dựng CTN và Mỏ | D18: ='DS theo Quyet dinh khen thuong'!S147 -> 2400000 | E18: 21510000080821
A19: 14 | B19: Đoàn Văn Huấn | C19: BM Lọc - Hóa dầu | D19: ='DS theo Quyet dinh khen thuong'!S14+'DS theo Quyet dinh khen thuong'!S18+'DS theo Quyet dinh khen thuong'!S22+'DS theo Quyet dinh khen thuong'!S24 -> 15590000 | E19: 21510000053328 | F19: Học TS tại Anh
A20: 15 | B20: Đỗ Mạnh Tấn | C20: BM Xây dựng CTN và Mỏ | D20: ='DS theo Quyet dinh khen thuong'!S153+'DS theo Quyet dinh khen thuong'!S155+'DS theo Quyet dinh khen thuong'!S160+'DS theo Quyet dinh khen thuong'!S161+'DS theo Quyet dinh khen thuong'!S179+'DS theo Quyet dinh khen thuong'!S182+'DS theo Quyet dinh khen thuong'!S183 -> 26633500 | E20: 21510000667969
A21: 16 | B21: Đỗ Ngọc Anh | C21: BM Xây dựng CTN và Mỏ | D21: ='DS theo Quyet dinh khen thuong'!S164+'DS theo Quyet dinh khen thuong'!S166+'DS theo Quyet dinh khen thuong'!S184 -> 9311500 | E21: 21510000080681
A22: 17 | B22: Đỗ Ngọc Hoàn | C22: BM Khai thác lộ thiên | D22: ='DS theo Quyet dinh khen thuong'!S74+'DS theo Quyet dinh khen thuong'!S89 -> 400000 | E22: 21510000820106 | F22: Học TS tại Nga
A23: 18 | B23: Đỗ Thị Hải | C23: BM Hóa | D23: ='DS theo Quyet dinh khen thuong'!S31 -> 360000 | E23: 21510000455085
A24: 19 | B24: Đỗ Thị Hải | C24: BM Địa sinh thái và CNMT | D24: ='DS theo Quyet dinh khen thuong'!S132 -> 2400000 | E24: 21510000076617
A25: 20 | B25: Đỗ Thị Hồng Hải | C25: BM Vật lý | D25: ='DS theo Quyet dinh khen thuong'!S39 -> 3600000 | E25: 21510000360365
A26: 21 | B26: Đỗ Văn Nhuận | C26: BM Môi trường cơ sở | D26: ='DS theo Quyet dinh khen thuong'!S134 -> 2600000 | E26: 21510000078084
A27: 22 | B27: Hà Mạnh Hùng | C27: BM Hóa | D27: ='DS theo Quyet dinh khen thuong'!S32 -> 3900000 | E27: 21510000359886
A28: 23 | B28: Hoàng Đình Quế | C28: BM Địa chất | D28: ='DS theo Quyet dinh khen thuong'!S51 -> 3900000 | E28: 21510000552816
A29: 24 | B29: Hồ Văn Sơn | C29: BM Lọc - Hóa dầu | D29: ='DS theo Quyet dinh khen thuong'!S12+'DS theo Quyet dinh khen thuong'!S13+'DS theo Quyet dinh khen thuong'!S19 -> 10100000 | E29: 21510000667394
A30: 25 | B30: Kiều Duy Thông | C30: BM Địa vật lý | D30: ='DS theo Quyet dinh khen thuong'!S21 -> 3600000 | E30: 21510000360693
A31: 26 | B31: Lê Đắc Tuyên | C31: BM Vật lý | D31: ='DS theo Quyet dinh khen thuong'!S27+'DS theo Quyet dinh khen thuong'!S33 -> 5160000 | E31: 21510000392784
A32: 27 | B32: Lê Huy Việt | C32: BM Kỹ thuật xây dựng | D32: ='DS theo Quyet dinh khen thuong'!S174 -> 4460000 | E32: 22010000335103
A33: 28 | B33: Lê Quí Thảo | C33: BM Khai thác lộ thiên | D33: ='DS theo Quyet dinh khen thuong'!S73+'DS theo Quyet dinh khen thuong'!S88+'DS theo Quyet dinh khen thuong'!S96 -> 790000 | E33: 21510000496154
A34: 29 | B34: Lê Tiến Dũng | C34: BM Khai thác hầm lò | D34: ='DS theo Quyet dinh khen thuong'!S64 -> 6690000 | E34: 21510000496039
A35: 30 | B35: Lê Thị Duyên | C35: BM Hóa | D35: ='DS theo Quyet dinh khen thuong'!S28 -> 2520000 | E35: 21510000358908
A36: 31 | B36: Lê Thị Phương Thảo | C36: BM Hóa | D36: ='DS theo Quyet dinh khen thuong'!S29 -> 360000 | E36: 21510000359938
A37: 32 | B37: Lê Thị Vinh | C37: BM Hóa | D37: ='DS theo Quyet dinh khen thuong'!S38 -> 2400000 | E37: 21510000288537
A38: 33 | B38: Lê Trọng Thắng | C38: Bm Địa chất công trình | D38: ='DS theo Quyet dinh khen thuong'!S148 -> 600000 | E38: 21510000076495
A39: 34 | B39: Ngô Thị Phương Thảo | C39: BM Tin học Trắc địa | D39: ='DS theo Quyet dinh khen thuong'!S3+'DS theo Quyet dinh khen thuong'!S4+'DS theo Quyet dinh khen thuong'!S6 -> 11520000 | E39: 21510000359424
A40: 35 | B40: Ngô Xuân Thành | C40: BM Địa chất | D40: ='DS theo Quyet dinh khen thuong'!S49 -> 1170750 | E40: 21510000393033
A41: 36 | B41: Nguyễn Đình An | C41: BM Khai thác lộ thiên | D41: ='DS theo Quyet dinh khen thuong'!S72+'DS theo Quyet dinh khen thuong'!S109+'DS theo Quyet dinh khen thuong'!S87 -> 1200000 | E41: 21510000083918
A42: 37 | B42: Nguyễn Đình Luyện | C42: BM Tìm kiếm thăm dò | D42: ='DS theo Quyet dinh khen thuong'!S52 -> 4460000 | E42: 21510001425683
A43: 38 | B43: Nguyễn Hoàng | C43: BM Khai thác lộ thiên | D43: ='DS theo Quyet dinh khen thuong'!S65+'DS theo Quyet dinh khen thuong'!S83+'DS theo Quyet dinh khen thuong'!S91+'DS theo Quyet dinh khen thuong'!S100+'DS theo Quyet dinh khen thuong'!S105+'DS theo Quyet dinh khen thuong'!S106+'DS theo Quyet dinh khen thuong'!S115+'DS theo Quyet dinh khen thuong'!S117+'DS theo Quyet dinh khen thuong'!S121+'DS theo Quyet dinh khen thuong'!S124+'DS theo Quyet dinh khen thuong'!S125+'DS theo Quyet dinh khen thuong'!S128 -> 24740000 | E43: 21510000580613
A44: 39 | B44: Nguyễn Hoàng Long | C44: BM Tin học Trắc địa | D44: ='DS theo Quyet dinh khen thuong'!S8 -> 3900000 | E44: 21510000455191
A45: 40 | B45: Nguyễn Hữu Hiệp | C45: BM Địa chất | D45: ='DS theo Quyet dinh khen thuong'!S43+'DS theo Quyet dinh khen thuong'!S59 -> 10880000 | E45: 21510001153735
A46: 41 | B46: Nguyễn Khắc Long | C46: BM Khoan - Khai thác | D46: ='DS theo Quyet dinh khen thuong'!S15 -> 3900000 | E46: 21510000660144
A47: 42 | B47: Nguyễn Mạnh Hùng | C47: BM Vật lý | D47: ='DS theo Quyet dinh khen thuong'!S36 -> 480000 | E47: 21510000078367
A48: 43 | B48: Nguyễn Minh Quyền | C48: BM Địa chất | D48: ='DS theo Quyet dinh khen thuong'!S47 -> 3177750 | E48: 21510000568585
A49: 44 | B49: Nguyễn Phi Hùng | C49: BM Khai thác hầm lò | D49: ='DS theo Quyet dinh khen thuong'!S159 -> 1365000 | E49: 21510000362565
A50: 45 | B50: Nguyễn Phương | C50: BM Môi trường cơ sở | D50: ='DS theo Quyet dinh khen thuong'!S131 -> 400000 | E50: 21510000078677
A51: 46 | B51: Nguyễn Quang Minh | C51: BM Trắc địa phổ thông và Sai số | D51: ='DS theo Quyet dinh khen thuong'!S139 -> 3120000 | E51: 21510000409903
A52: 47 | B52: Nguyễn Quốc Hưng | C52: BM Địa chất | D52: ='DS theo Quyet dinh khen thuong'!S50 -> 1170750 | E52: 21510000078215
A53: 48 | B53: Nguyễn Quốc Long | C53: BM Trắc địa Mỏ | D53: ='DS theo Quyet dinh khen thuong'!S82+'DS theo Quyet dinh khen thuong'!S97+'DS theo Quyet dinh khen thuong'!S123 -> 2980000 | E53: 21510000365050
A54: 49 | B54: Nguyễn Thị Linh | C54: BM Lọc - Hóa dầu | D54: ='DS theo Quyet dinh khen thuong'!S23 -> 2400000 | E54: 21510000082049
A55: 50 | B55: Nguyễn Thị Nụ | C55: Bm Địa chất công trình | D55: ='DS theo Quyet dinh khen thuong'!S60+'DS theo Quyet dinh khen thuong'!S45 -> 4560000 | E55: 21510000076981
A56: 51 | B56: Nguyên Thị Thu Hương | C56: BM Trắc địa phổ thông và Sai số | D56: ='DS theo Quyet dinh khen thuong'!S140 -> 780000 | E56: 21510000365333
A57: 52 | B57: Nguyễn Trọng Dũng | C57: BM Xây dựng Hạ tầng cơ sở | D57: ='DS theo Quyet dinh khen thuong'!S169 -> 1800000 | E57: 26010000207107
A58: 53 | B58: Nguyễn Văn Bình | C58: BM Môi trường cơ sở | D58: ='DS theo Quyet dinh khen thuong'!S133 -> 2400000 | E58: 21510000422812
A59: 54 | B59: Nguyễn Văn Lại | C59: BM Kỹ thuật cơ khí | D59: ='DS theo Quyet dinh khen thuong'!S9 -> 2400000 | E59: 21510000080894
A60: 55 | B60: Nguyễn Văn Lâm | C60: BM Địa chất thủy văn | D60: ='DS theo Quyet dinh khen thuong'!S56+'DS theo Quyet dinh khen thuong'!S57 -> 6300000 | E60: 21510000078598
A61: 56 | B61: Nguyễn Văn Mạnh | C61: BM Kỹ thuật xây dựng | D61: ='DS theo Quyet dinh khen thuong'!S150+'DS theo Quyet dinh khen thuong'!S157+'DS theo Quyet dinh khen thuong'!S163+'DS theo Quyet dinh khen thuong'!S171+'DS theo Quyet dinh khen thuong'!S177 -> 4100000 | E61: 21510000080779
A62: 57 | B62: Nguyễn Văn Sáng | C62: BM Trắc địa cao cấp | D62: ='DS theo Quyet dinh khen thuong'!S141 -> 2000000 | E62: 21510000364774
A63: 58 | B63: Nguyễn Văn Thịnh | C63: BM Thiết bị dầu khí và Công trình | D63: ='DS theo Quyet dinh khen thuong'!S17 -> 3600000 | E63: 21510000076200
A64: 59 | B64: Nguyễn Văn Xô | C64: BM Máy và Thiết bị Mỏ | D64: ='DS theo Quyet dinh khen thuong'!S10 -> 2400000 | E64: 21510000081064
A65: 60 | B65: Nguyễn Xuân Mãn | C65: BM Kỹ thuật xây dựng | D65: ='DS theo Quyet dinh khen thuong'!S176 -> 650000 | E65: 13010001554367
A66: 61 | B66: Nhữ Việt Hà | C66: Bm Địa chất công trình | D66: ='DS theo Quyet dinh khen thuong'!S40+'DS theo Quyet dinh khen thuong'!S42+'DS theo Quyet dinh khen thuong'!S44 -> 9620000 | E66: 21510000392304
A67: 62 | B67: Phạm Đức Thọ | C67: BM Xây dựng Hạ tầng cơ sở | D67: ='DS theo Quyet dinh khen thuong'!S168+'DS theo Quyet dinh khen thuong'!S173 -> 2400000 | E67: 21510000667808
A68: 63 | B68: Phạm Thị Nhàn | C68: BM Kỹ thuật xây dựng | D68: ='DS theo Quyet dinh khen thuong'!S144+'DS theo Quyet dinh khen thuong'!S151 -> 5500000 | E68: 21510000587827
A69: 64 | B69: Phạm Thị Thủy | C69: BM Kỹ thuật cơ khí | D69: ='DS theo Quyet dinh khen thuong'!S11 -> 2000000 | E69: 21510000080788
A70: 65 | B70: Phạm Văn Hùng | C70: BM Xây dựng Hạ tầng cơ sở | D70: ='DS theo Quyet dinh khen thuong'!S165 -> 6690000 | E70: 21310000215063
A71: 66 | B71: Phan Quang Văn | C71: BM Kỹ thuật môi trường | D71: ='DS theo Quyet dinh khen thuong'!S129 -> 2200000 | E71: 21510000393255
A72: 67 | B72: Phan Viết Sơn | C72: BM Tìm kiếm thăm dò | D72: ='DS theo Quyet dinh khen thuong'!S54 -> 780000 | E72: 21510000079087
A73: 68 | B73: Tạ Đức Thịnh | C73: BM Xây dựng Hạ tầng cơ sở | D73: ='DS theo Quyet dinh khen thuong'!S158+'DS theo Quyet dinh khen thuong'!S178+'DS theo Quyet dinh khen thuong'!S172 -> 2050000 | E73: 21510000084230
A74: 69 | B74: Tô Xuân Bản | C74: BM Khoáng thạch và Địa hóa | D74: ='DS theo Quyet dinh khen thuong'!S58 -> 4460000 | E74: 21510000078358
A75: 70 | B75: Tống Bá Tuấn | C75: BM Vật lý | D75: ='DS theo Quyet dinh khen thuong'!S34 -> 540000 | E75: 21510000455304
A76: 71 | B76: Trần Danh Hùng | C76: BM Địa vật lý | D76: ='DS theo Quyet dinh khen thuong'!S16 -> 3900000 | E76: 21510000075979
A77: 72 | B77: Trần Mạnh Hùng | C77: BM Xây dựng Hạ tầng cơ sở | D77: ='DS theo Quyet dinh khen thuong'!S167 -> 3900000 | E77: 21510001154507 | F77: Học TS tại New Zealand
A78: 73 | B78: Trần Mạnh Tiến | C78: BM Sức bền vật liệu | D78: ='DS theo Quyet dinh khen thuong'!S62+'DS theo Quyet dinh khen thuong'!S103 -> 13380000 | E78: 12510000507236
A79: 74 | B79: Trần Quang Hiếu | C79: BM Khai thác lộ thiên | D79: ='DS theo Quyet dinh khen thuong'!S67+'DS theo Quyet dinh khen thuong'!S76+'DS theo Quyet dinh khen thuong'!S81+'DS theo Quyet dinh khen thuong'!S99+'DS theo Quyet dinh khen thuong'!S108+'DS theo Quyet dinh khen thuong'!S112+'DS theo Quyet dinh khen thuong'!S114+'DS theo Quyet dinh khen thuong'!S122 -> 7870000 | E79: 21510000496136
A80: 75 | B80: Trần Tuấn Minh | C80: BM Xây dựng CTN và Mỏ | D80: ='DS theo Quyet dinh khen thuong'!S154 -> 3000000 | E80: 21510000363407
A81: 76 | B81: Trần Thanh Hải | C81: BM Địa chất | D81: ='DS theo Quyet dinh khen thuong'!S48 -> 1170750 | E81: 21510000078190
A82: 77 | B82: Trần Thị Hà | C82: BM Vật lý | D82: ='DS theo Quyet dinh khen thuong'!S25 -> 3000000 | E82: 21510000455146
A83: 78 | B83: Trần Thị Hòa | C83: BM Tin học Trắc địa | D83: ='DS theo Quyet dinh khen thuong'!S53 -> 3120000 | E83: 21510000668227
A84: 79 | B84: Trần Thị Thu Hương | C84: BM Địa sinh thái và CNMT | D84: ='DS theo Quyet dinh khen thuong'!S135+'DS theo Quyet dinh khen thuong'!S136+'DS theo Quyet dinh khen thuong'!S137 -> 7400000 | E84: 21510000361933
A85: 80 | B85: Trần Vân Anh | C85: BM Đo ảnh và Viễn thám | D85: ='DS theo Quyet dinh khen thuong'!S142 -> 2400000 | E85: 21510000393325
A86: 81 | B86: Trương Xuân Luận | C86: BM Tin học Địa chất | D86: ='DS theo Quyet dinh khen thuong'!S5 -> 3000000 | E86: 21510000358953
A87: 82 | B87: Võ Thị Hạnh | C87: BM Hóa | D87: ='DS theo Quyet dinh khen thuong'!S30 -> 360000 | E87: 21510000392669
A88: 83 | B88: Vũ Diệp Anh | C88: BM Kinh tế cơ sở | D88: ='DS theo Quyet dinh khen thuong'!S101 -> 1300000 | E88: 21510000393200
A89: 84 | B89: Vũ Đình Hiếu | C89: BM Khai thác lộ thiên | D89: ='DS theo Quyet dinh khen thuong'!S69+'DS theo Quyet dinh khen thuong'!S84 -> 4000000 | E89: 21510000083893 | F89: Chuyển công tác từ 5/2020
A90: 85 | B90: Vũ Đình Toàn | C90: BM Trắc địa cao cấp | D90: ='DS theo Quyet dinh khen thuong'!S138 -> 3600000 | E90: 12010000324254
A91: 86 | B91: Vũ Kim Thư | C91: BM Hóa | D91: ='DS theo Quyet dinh khen thuong'!S26 -> 3600000 | E91: 21510000359910
A92: 87 | B92: Vũ Văn Hưng | C92: BM Địa chất thủy văn | D92: ='DS theo Quyet dinh khen thuong'!S55 -> 6690000 | E92: 21510000123300 | F92: Học TS tại CHLB Đức
A93: Tổng cộng | D93: =SUM(D6:D92) -> 403000000
B94: (số tiền bằng chữ: Bốn trăm linh ba triệu đồng chẵn)
B96: DUYỆT BGH | C96: PHÒNG KẾ HOẠCH TÀI CHÍNH | E96: PHÒNG KHCN

Sheet Phụ lục cách tính tiền bài báo
A2: PHỤ LỤC
A3: (kèm theo Quyết định số …………...ngày …..…tháng 5 năm 2020)
A5: I. Phương án phân bổ kinh phí cho các bài báo
A6: Số tiền thực nhận của bài báo được tính theo công thức sau: Số tiền thực nhận = Hệ số tác giả x Hệ số bài báo x 2.000.000
A7: Trong đó:
A8: Hệ số tác giả được xác định như sau:
B9: Nếu tác giả thứ nhất là cán bộ thuộc biên chế của Nhà trường | C9: Nếu tác giả liên hệ mà không là tác giả thứ nhất là cán bộ thuộc biên chế của Nhà trường | D9: Đồng tác giả
A10: Hệ số tác giả | B10: 1.5 | C10: 1.25 | D10: 1
A11: Hệ số bài báo được xác định như sau:
B12: Tạp chí nằm trong Top 30% tạp chí đứng đầu lĩnh vực nghiên cứu gần nhất của bài báo (Q1a) | C12: Tạp chí nằm ngoài Top 30% tạp chí đứng đầu nhóm Q1 thuộc lĩnh vực nghiên cứu gần nhất của bài báo (Q1b) | D12: Tạp chí trong nhóm Q2 thuộc lĩnh vực nghiên cứu gần nhất của bài báo (Q2) | E12: Tạp chí trong nhóm Q3 thuộc lĩnh vực nghiên cứu gần nhất của bài báo (Q3) | F12: Tạp chí trong nhóm Q4 thuộc lĩnh vực nghiên cứu gần nhất của bài báo (Q4)
A13: Hệ số bài báo | B13: 2.23 | C13: 1.3 | D13: 1.2 | E13: 1 | F13: 0.9
A15: II. Phương án phân bổ kinh phí cho cá nhân tham gia bài báo
A16: Nguyên tắc tính: Mức hỗ trợ là số tiền chi cho 1 bài báo. - Nếu bài báo chỉ có 1 tác giả thuộc biên chế Trường Đại học Mỏ - Địa chất (HUMG) thì tác giả đó nhận toàn bộ số tiền thưởng của bài báo. - Nếu bài báo có số tác giả thuộc HUMG từ 2 trở lên thì tỷ lệ chia như sau: + 30% cho tác giả thứ nhất (nếu là tác giả HUMG); + 30% cho tác giả liên hệ (Corresponding author) (nếu là tác giả HUMG); + Số tiền còn lại sau khi trừ đi số tiền chi cho tác giả thứ nhất (nếu có) và tác giả liên hệ (nếu có) chia đều cho tất cả các thành viên là tác giả HUMG.
A17: Duyệt BGH | D17: Phòng KHCN

Sheet DS theo Quyet dinh khen thuong
A1: STT | B1: Tên bài báo | C1: Tác giả thuộc biên chế HUMG | D1: Tên Tạp chí | E1: Đơn vị công tác | F1: Phân loại tạp chí | G1: =MucHoTro!C3 -> Nếu tác giả thứ nhất là cán bộ thuộc biên chế của Nhà trường | H1: =MucHoTro!D3 -> Nếu tác giả liên hệ mà không là tác giả thứ nhất là cán bộ thuộc biên chế của Nhà trường | I1: Đồng tác giả | J1: Hệ số bài báo (I) | K1: Hệ số tác giả (II) | L1: Hệ số tính (III=IxII) | M1: Số tiền thực nhận/bài báo (vnđ) | N1: Tác giả thuộc biên chế HUMG | O1: Số tác giả thuộc biên chế HUMG | P1: Vai trò tác giả trong bài báo trong trường hợp số tác giả thuộc biên chế HUMG > 1 | S1: Sỗ tiền thực nhận/cá nhân tham gia (vnđ) | T1: Ký nhận | U1: Ghi chú
P2: Tác giả thứ nhất | Q2: Tác giả liên hệ | R2: Khác
A3: 1 | B3: A New Intelligence Approach Based on GIS-Based Multivariate Adaptive Regression Splines and Metaheuristic optimization for Predicting Flash Flood Susceptible Areas at High-frequency Tropical Typhoon Area | C3: Ngô Thị Phương Thảo | D3: Journal of Hydrology | E3: BM Tin học Trắc địa | F3: Q1a | I3: x | J3: =IF(F3="Q1a",MucHoTro!$H$5,IF(F3="Q1b",MucHoTro!$H$6,IF(F3="Q2",MucHoTro!$H$7,IF(F3="Q3",MucHoTro!$H$8,IF(F3="Q4",MucHoTro!$H$9))))) -> 2.23 | K3: =IF(G3="x",MucHoTro!$C$5,IF(H3="x",MucHoTro!$D$5,IF(I3="x",MucHoTro!$E$5))) -> 1 | L3: =J3*K3 -> 2.23 | M3: =L3*2000000 -> 4460000 | N3: Ngô Thị Phương Thảo | O3: 1 | S3: =M3 -> 4460000
A4: 2 | B4: A novel hybrid approach based on a swarm intelligence optimized extreme learning machine for flash flood susceptibility mapping | C4: Ngô Thị Phương Thảo | D4: Catena | E4: BM Tin học Trắc địa | F4: Q1b | I4: x | J4: =IF(F4="Q1a",MucHoTro!$H$5,IF(F4="Q1b",MucHoTro!$H$6,IF(F4="Q2",MucHoTro!$H$7,IF(F4="Q3",MucHoTro!$H$8,IF(F4="Q4",MucHoTro!$H$9))))) -> 1.3 | K4: =IF(G4="x",MucHoTro!$C$5,IF(H4="x",MucHoTro!$D$5,IF(I4="x",MucHoTro!$E$5))) -> 1 | L4: =J4*K4 -> 1.3 | M4: =L4*2000000 -> 2600000 | N4: Ngô Thị Phương Thảo | O4: 1 | S4: =M4 -> 2600000
A5: 3 | B5: Development of HUMGEOSTAT: A new Geological Tool for Geostaticssical Analysis of Mineral Deposit: A case stydy at Sin Quyen Mine (northern Vietnam) | C5: Trương Xuân Luận | D5: Journal of the Geological Society of India | E5: BM Tin học Địa chất | F5: Q3 | G5: x | J5: =IF(F5="Q1a",MucHoTro!$H$5,IF(F5="Q1b",MucHoTro!$H$6,IF(F5="Q2",MucHoTro!$H$7,IF(F5="Q3",MucHoTro!$H$8,IF(F5="Q4",MucHoTro!$H$9))))) -> 1 | K5: =IF(G5="x",MucHoTro!$C$5,IF(H5="x",MucHoTro!$D$5,IF(I5="x",MucHoTro!$E$5))) -> 1.5 | L5: =J5*K5 -> 1.5 | M5: =L5*2000000 -> 3000000 | N5: Trương Xuân Luận | O5: 1 | S5: =M5 -> 3000000
A6: 4 | B6: Flash flood susceptibility modeling using an optimized fuzzy rule based feature selection technique and tree based ensemble methods | C6: Ngô Thị Phương Thảo | D6: Science of The Total Environment | E6: BM Tin học Trắc địa | F6: Q1a | I6: x | J6: =IF(F6="Q1a",MucHoTro!$H$5,IF(F6="Q1b",MucHoTro!$H$6,IF(F6="Q2",MucHoTro!$H$7,IF(F6="Q3",MucHoTro!$H$8,IF(F6="Q4",MucHoTro!$H$9))))) -> 2.23 | K6: =IF(G6="x",MucHoTro!$C$5,IF(H6="x",MucHoTro!$D$5,IF(I6="x",MucHoTro!$E$5))) -> 1 | L6: =J6*K6 -> 2.23 | M6: =L6*2000000 -> 4460000 | N6: Ngô Thị Phương Thảo | O6: 1 | S6: =M6 -> 4460000
A7: 5 | B7: Gaussian modeling-based multichannel audio source separation exploiting generic source spectral model | C7: Dương Thị Hiền Thanh | D7: IEEE/ACM Transactions on Audio, Speech, and Language Processing | E7: BM Tin học Kinh tế | F7: Q1a | G7: x | J7: =IF(F7="Q1a",MucHoTro!$H$5,IF(F7="Q1b",MucHoTro!$H$6,IF(F7="Q2",MucHoTro!$H$7,IF(F7="Q3",MucHoTro!$H$8,IF(F7="Q4",MucHoTro!$H$9))))) -> 2.23 | K7: =IF(G7="x",MucHoTro!$C$5,IF(H7="x",MucHoTro!$D$5,IF(I7="x",MucHoTro!$E$5))) -> 1.5 | L7: =J7*K7 -> 3.345 | M7: =L7*2000000 -> 6690000 | N7: Dương Thị Hiền Thanh | S7: =M7 -> 6690000
A8: 6 | B8: Review of mobile laser scanning target‐free registration methods for urban areas using improved error metrics | C8: Nguyễn Hoàng Long | D8: Photogrammetric record | E8: BM Tin học Trắc địa | F8: Q1b | G8: x | J8: =IF(F8="Q1a",MucHoTro!$H$5,IF(F8="Q1b",MucHoTro!$H$6,IF(F8="Q2",MucHoTro!$H$7,IF(F8="Q3",MucHoTro!$H$8,IF(F8="Q4",MucHoTro!$H$9))))) -> 1.3 | K8: =IF(G8="x",MucHoTro!$C$5,IF(H8="x",MucHoTro!$D$5,IF(I8="x",MucHoTro!$E$5))) -> 1.5 | L8: =J8*K8 -> 1.95 | M8: =L8*2000000 -> 3900000 | N8: Nguyễn Hoàng Long | S8: =M8 -> 3900000
A9: 7 | B9: Effects of friction models on simulation of pneumatic cylinder | C9: Nguyễn Văn Lại | D9: Mechanical Sciences | E9: BM Kỹ thuật cơ khí | F9: Q2 | I9: x | J9: =IF(F9="Q1a",MucHoTro!$H$5,IF(F9="Q1b",MucHoTro!$H$6,IF(F9="Q2",MucHoTro!$H$7,IF(F9="Q3",MucHoTro!$H$8,IF(F9="Q4",MucHoTro!$H$9))))) -> 1.2 | K9: =IF(G9="x",MucHoTro!$C$5,IF(H9="x",MucHoTro!$D$5,IF(I9="x",MucHoTro!$E$5))) -> 1 | L9: =J9*K9 -> 1.2 | M9: =L9*2000000 -> 2400000 | N9: Nguyễn Văn Lại | S9: =M9 -> 2400000
A10: 8 | B10: Research on transmission efficiency of high power hydro-iscous clutch | C10: Nguyễn Văn Xô | D10: Industrial Lubrication and Tribology | E10: BM Máy và Thiết bị Mỏ | F10: Q2 | I10: x | J10: =IF(F10="Q1a",MucHoTro!$H$5,IF(F10="Q1b",MucHoTro!$H$6,IF(F10="Q2",MucHoTro!$H$7,IF(F10="Q3",MucHoTro!$H$8,IF(F10="Q4",MucHoTro!$H$9))))) -> 1.2 | K10: =IF(G10="x",MucHoTro!$C$5,IF(H10="x",MucHoTro!$D$5,IF(I10="x",MucHoTro!$E$5))) -> 1 | L10: =J10*K10 -> 1.2 | M10: =L10*2000000 -> 2400000 | N10: Nguyễn Văn Xô | S10: =M10 -> 2400000
A11: 9 | B11: The deformation of AZ31 magnesium alloy during warm constrained groove pressing | C11: Phạm Thị Thủy | D11: Acta metallurgica slovaca | E11: BM Kỹ thuật cơ khí | F11: Q3 | I11: x | J11: =IF(F11="Q1a",MucHoTro!$H$5,IF(F11="Q1b",MucHoTro!$H$6,IF(F11="Q2",MucHoTro!$H$7,IF(F11="Q3",MucHoTro!$H$8,IF(F11="Q4",MucHoTro!$H$9))))) -> 1 | K11: =IF(G11="x",MucHoTro!$C$5,IF(H11="x",MucHoTro!$D$5,IF(I11="x",MucHoTro!$E$5))) -> 1 | L11: =J11*K11 -> 1 | M11: =L11*2000000 -> 2000000 | N11: Phạm Thị Thủy | S11: =M11 -> 2000000
A12: 10 | B12: Crystallization Mechanisms and Rates of Cyclopentane Hydrates Formation in Brine | C12: Hồ Văn Sơn | D12: Chemical Engineering & Technology | E12: BM Lọc - Hóa dầu | F12: Q2 | G12: x | J12: =IF(F12="Q1a",MucHoTro!$H$5,IF(F12="Q1b",MucHoTro!$H$6,IF(F12="Q2",MucHoTro!$H$7,IF(F12="Q3",MucHoTro!$H$8,IF(F12="Q4",MucHoTro!$H$9))))) -> 1.2 | K12: =IF(G12="x",MucHoTro!$C$5,IF(H12="x",MucHoTro!$D$5,IF(I12="x",MucHoTro!$E$5))) -> 1.5 | L12: =J12*K12 -> 1.8 | M12: =L12*2000000 -> 3600000 | N12: Hồ Văn Sơn | S12: =M12 -> 3600000
A13: 11 | B13: Cyclopentane hydrates – A candidate for desalination? | C13: Hồ Văn Sơn | D13: Journal of Environmental Chemical Engineering | E13: BM Lọc - Hóa dầu | F13: Q1b | G13: x | J13: =IF(F13="Q1a",MucHoTro!$H$5,IF(F13="Q1b",MucHoTro!$H$6,IF(F13="Q2",MucHoTro!$H$7,IF(F13="Q3",MucHoTro!$H$8,IF(F13="Q4",MucHoTro!$H$9))))) -> 1.3 | K13: =IF(G13="x",MucHoTro!$C$5,IF(H13="x",MucHoTro!$D$5,IF(I13="x",MucHoTro!$E$5))) -> 1.5 | L13: =J13*K13 -> 1.95 | M13: =L13*2000000 -> 3900000 | N13: Hồ Văn Sơn | S13: =M13 -> 3900000
A14: 12 | B14: Defective hierarchical porous copper-based metal-organic frameworks synthesised via facile acid etching strategy | C14: Đoàn Văn Huấn | D14: Scientific Reports | E14: BM Lọc - Hóa dầu | F14: Q1a | G14: x | J14: =IF(F14="Q1a",MucHoTro!$H$5,IF(F14="Q1b",MucHoTro!$H$6,IF(F14="Q2",MucHoTro!$H$7,IF(F14="Q3",MucHoTro!$H$8,IF(F14="Q4",MucHoTro!$H$9))))) -> 2.23 | K14: =IF(G14="x",MucHoTro!$C$5,IF(H14="x",MucHoTro!$D$5,IF(I14="x",MucHoTro!$E$5))) -> 1.5 | L14: =J14*K14 -> 3.345 | M14: =L14*2000000 -> 6690000 | N14: Đoàn Văn Huấn | S14: =M14 -> 6690000
A15: 13 | B15: Effect of tortuosity on diffusion of polystyrenes through chromatographic columns filled with fully porous and porous –shell particles and monoliths | C15: Nguyễn Khắc Long | D15: Microporous and Mesoporous Materials | E15: BM Khoan - Khai thác Dầu khí | F15: Q1b | G15: x | J15: =IF(F15="Q1a",MucHoTro!$H$5,IF(F15="Q1b",MucHoTro!$H$6,IF(F15="Q2",MucHoTro!$H$7,IF(F15="Q3",MucHoTro!$H$8,IF(F15="Q4",MucHoTro!$H$9))))) -> 1.3 | K15: =IF(G15="x",MucHoTro!$C$5,IF(H15="x",MucHoTro!$D$5,IF(I15="x",MucHoTro!$E$5))) -> 1.5 | L15: =J15*K15 -> 1.95 | M15: =L15*2000000 -> 3900000 | N15: Nguyễn Khắc Long | S15: =M15 -> 3900000
A16: 14 | B16: Effects of Failure of the Ocean‐Bottom Seismograph Leveling System on Receiver Function Analysis | C16: Trần Danh Hùng | D16: Seismological Research Letters | E16: BM Địa Vật lý | F16: Q1b | G16: x | J16: =IF(F16="Q1a",MucHoTro!$H$5,IF(F16="Q1b",MucHoTro!$H$6,IF(F16="Q2",MucHoTro!$H$7,IF(F16="Q3",MucHoTro!$H$8,IF(F16="Q4",MucHoTro!$H$9))))) -> 1.3 | K16: =IF(G16="x",MucHoTro!$C$5,IF(H16="x",MucHoTro!$D$5,IF(I16="x",MucHoTro!$E$5))) -> 1.5 | L16: =J16*K16 -> 1.95 | M16: =L16*2000000 -> 3900000 | N16: Trần Danh Hùng | S16: =M16 -> 3900000
A17: 15 | B17: Effects of the Current Direction on the Energy Production of a Tidal Farm: The Case of Raz Blanchard (France) | C17: Nguyễn Văn Thịnh | D17: Energies | E17: BM Thiết bị dầu khí và Công trình | F17: Q2 | G17: x | J17: =IF(F17="Q1a",MucHoTro!$H$5,IF(F17="Q1b",MucHoTro!$H$6,IF(F17="Q2",MucHoTro!$H$7,IF(F17="Q3",MucHoTro!$H$8,IF(F17="Q4",MucHoTro!$H$9))))) -> 1.2 | K17: =IF(G17="x",MucHoTro!$C$5,IF(H17="x",MucHoTro!$D$5,IF(I17="x",MucHoTro!$E$5))) -> 1.5 | L17: =J17*K17 -> 1.8 | M17: =L17*2000000 -> 3600000 | N17: Nguyễn Văn Thịnh | S17: =M17 -> 3600000
A18: 16 | B18: Hierarchical Metal–Organic Frameworks with Macroporosity: Synthesis, Achievements, and Challenges | C18: Đoàn Văn Huấn | D18: Nano-Micro Letters | E18: BM Lọc - Hóa dầu | F18: Q1b | G18: x | J18: =IF(F18="Q1a",MucHoTro!$H$5,IF(F18="Q1b",MucHoTro!$H$6,IF(F18="Q2",MucHoTro!$H$7,IF(F18="Q3",MucHoTro!$H$8,IF(F18="Q4",MucHoTro!$H$9))))) -> 1.3 | K18: =IF(G18="x",MucHoTro!$C$5,IF(H18="x",MucHoTro!$D$5,IF(I18="x",MucHoTro!$E$5))) -> 1.5 | L18: =J18*K18 -> 1.95 | M18: =L18*2000000 -> 3900000 | N18: Đoàn Văn Huấn | S18: =M18 -> 3900000
A19: 17 | B19: Phase equilibrium measurements and modelling of mixed cyclopentane and carbon dioxide hydrates in presence of salts | C19: Hồ Văn Sơn | D19: Chemical Engineering Science | E19: BM Lọc - Hóa dầu | F19: Q1b | I19: x | J19: =IF(F19="Q1a",MucHoTro!$H$5,IF(F19="Q1b",MucHoTro!$H$6,IF(F19="Q2",MucHoTro!$H$7,IF(F19="Q3",MucHoTro!$H$8,IF(F19="Q4",MucHoTro!$H$9))))) -> 1.3 | K19: =IF(G19="x",MucHoTro!$C$5,IF(H19="x",MucHoTro!$D$5,IF(I19="x",MucHoTro!$E$5))) -> 1 | L19: =J19*K19 -> 1.3 | M19: =L19*2000000 -> 2600000 | N19: Hồ Văn Sơn | S19: =M19 -> 2600000
A20: 18 | B20: Recent tectonics, geodynamics and seismotectonics in the Ninh Thuan Nuclear Power plants and surrounding regions, South Vietnam | C20: Dương Văn Hào | D20: Journal of Asian Earth Sciences | E20: BM Địa Vật lý | F20: Q1b | I20: x | J20: =IF(F20="Q1a",MucHoTro!$H$5,IF(F20="Q1b",MucHoTro!$H$6,IF(F20="Q2",MucHoTro!$H$7,IF(F20="Q3",MucHoTro!$H$8,IF(F20="Q4",MucHoTro!$H$9))))) -> 1.3 | K20: =IF(G20="x",MucHoTro!$C$5,IF(H20="x",MucHoTro!$D$5,IF(I20="x",MucHoTro!$E$5))) -> 1 | L20: =J20*K20 -> 1.3 | M20: =L20*2000000 -> 2600000 | N20: Dương Văn Hào | S20: =M20 -> 2600000
A21: 19 | B21: Seismic‐impedance inversion with fuzzy clustering constraints: an example from the Carlin Gold District, Nevada, USA | C21: Kiều Duy Thông | D21: Geophysical Prospecting | E21: BM Địa Vật lý | F21: Q2 | G21: x | J21: =IF(F21="Q1a",MucHoTro!$H$5,IF(F21="Q1b",MucHoTro!$H$6,IF(F21="Q2",MucHoTro!$H$7,IF(F21="Q3",MucHoTro!$H$8,IF(F21="Q4",MucHoTro!$H$9))))) -> 1.2 | K21: =IF(G21="x",MucHoTro!$C$5,IF(H21="x",MucHoTro!$D$5,IF(I21="x",MucHoTro!$E$5))) -> 1.5 | L21: =J21*K21 -> 1.8 | M21: =L21*2000000 -> 3600000 | N21: Kiều Duy Thông | S21: =M21 -> 3600000
A22: 20 | B22: Study on the HPA immobilisation on Al-SBA-15 support over Brønsted groups | C22: Đoàn Văn Huấn | D22: Molecular Catalysis | E22: BM Lọc - Hóa dầu | F22: Q2 | I22: x | J22: =IF(F22="Q1a",MucHoTro!$H$5,IF(F22="Q1b",MucHoTro!$H$6,IF(F22="Q2",MucHoTro!$H$7,IF(F22="Q3",MucHoTro!$H$8,IF(F22="Q4",MucHoTro!$H$9))))) -> 1.2 | K22: =IF(G22="x",MucHoTro!$C$5,IF(H22="x",MucHoTro!$D$5,IF(I22="x",MucHoTro!$E$5))) -> 1 | L22: =J22*K22 -> 1.2 | M22: =L22*2000000 -> 2400000 | N22: Đoàn Văn Huấn | S22: =M22 -> 2400000
A23: 21 | B23: The role of organic and inorganic UV-absorbents on photopolymerization and mechanical properties of acrylate-urethane coating | C23: Nguyễn Thị Linh | D23: Materials Today Communications | E23: BM Lọc - Hóa dầu | F23: Q2 | I23: x | J23: =IF(F23="Q1a",MucHoTro!$H$5,IF(F23="Q1b",MucHoTro!$H$6,IF(F23="Q2",MucHoTro!$H$7,IF(F23="Q3",MucHoTro!$H$8,IF(F23="Q4",MucHoTro!$H$9))))) -> 1.2 | K23: =IF(G23="x",MucHoTro!$C$5,IF(H23="x",MucHoTro!$D$5,IF(I23="x",MucHoTro!$E$5))) -> 1 | L23: =J23*K23 -> 1.2 | M23: =L23*2000000 -> 2400000 | N23: Nguyễn Thị Linh | S23: =M23 -> 2400000
A24: 22 | B24: Understanding the AC conductivity and permittivity of trapdoor chabazites for future development of next-generation gas sensors | C24: Đoàn Văn Huấn | D24: Microporous and Mesoporous Materials | E24: BM Lọc - Hóa dầu | F24: Q1b | I24: x | J24: =IF(F24="Q1a",MucHoTro!$H$5,IF(F24="Q1b",MucHoTro!$H$6,IF(F24="Q2",MucHoTro!$H$7,IF(F24="Q3",MucHoTro!$H$8,IF(F24="Q4",MucHoTro!$H$9))))) -> 1.3 | K24: =IF(G24="x",MucHoTro!$C$5,IF(H24="x",MucHoTro!$D$5,IF(I24="x",MucHoTro!$E$5))) -> 1 | L24: =J24*K24 -> 1.3 | M24: =L24*2000000 -> 2600000 | N24: Đoàn Văn Huấn | S24: =M24 -> 2600000
A25: 23 | B25: A Novel Approach for Fabricating LaMnO3 Thin Films Using Combined Microwave Combustion and Pulsed Electron Deposition Techniques | C25: Trần Thị Hà | D25: Journal of Chemistry | E25: BM Vật lý | F25: Q3 | G25: x | J25: =IF(F25="Q1a",MucHoTro!$H$5,IF(F25="Q1b",MucHoTro!$H$6,IF(F25="Q2",MucHoTro!$H$7,IF(F25="Q3",MucHoTro!$H$8,IF(F25="Q4",MucHoTro!$H$9))))) -> 1 | K25: =IF(G25="x",MucHoTro!$C$5,IF(H25="x",MucHoTro!$D$5,IF(I25="x",MucHoTro!$E$5))) -> 1.5 | L25: =J25*K25 -> 1.5 | M25: =L25*2000000 -> 3000000 | N25: Trần Thị Hà | S25: =M25 -> 3000000
A26: 24 | B26: Discovery of cycloartane-typetriterpene saponins from Mussaenda glabra, 33, 39-45, 2019. | C26: Vũ Kim Thư | D26: Phytochemistry Letters | E26: BM Hóa | F26: Q2 | G26: x | J26: =IF(F26="Q1a",MucHoTro!$H$5,IF(F26="Q1b",MucHoTro!$H$6,IF(F26="Q2",MucHoTro!$H$7,IF(F26="Q3",MucHoTro!$H$8,IF(F26="Q4",MucHoTro!$H$9))))) -> 1.2 | K26: =IF(G26="x",MucHoTro!$C$5,IF(H26="x",MucHoTro!$D$5,IF(I26="x",MucHoTro!$E$5))) -> 1.5 | L26: =J26*K26 -> 1.8 | M26: =L26*2000000 -> 3600000 | N26: Vũ Kim Thư | S26: =M26 -> 3600000
A27: 25 | B27: Dual-band isotropic metamaterial absorber based on near-field interaction in the Ku band | C27: Lê Đắc Tuyên | D27: Current Applied Physics | E27: BM Vật lý | F27: Q2 | H27: x | J27: =IF(F27="Q1a",MucHoTro!$H$5,IF(F27="Q1b",MucHoTro!$H$6,IF(F27="Q2",MucHoTro!$H$7,IF(F27="Q3",MucHoTro!$H$8,IF(F27="Q4",MucHoTro!$H$9))))) -> 1.2 | K27: =IF(G27="x",MucHoTro!$C$5,IF(H27="x",MucHoTro!$D$5,IF(I27="x",MucHoTro!$E$5))) -> 1.25 | L27: =J27*K27 -> 1.5 | M27: =L27*2000000 -> 3000000 | N27: Lê Đắc Tuyên | S27: =M27 -> 3000000
A28: 26 | B28: Fabrication of Porous Hydroxyapatite Granules as an Effective Adsorbent for the Removal of Aqueous Pb(II) Ions | C28: Lê Thị Duyên, Lê Thị Phương Thảo, Đỗ Thị Hải, Võ Thị Hạnh | D28: Journal of Chemistry | E28: BM Hóa | F28: Q2 | G28: x | J28: =IF(F28="Q1a",MucHoTro!$H$5,IF(F28="Q1b",MucHoTro!$H$6,IF(F28="Q2",MucHoTro!$H$7,IF(F28="Q3",MucHoTro!$H$8,IF(F28="Q4",MucHoTro!$H$9))))) -> 1.2 | K28: =IF(G28="x",MucHoTro!$C$5,IF(H28="x",MucHoTro!$D$5,IF(I28="x",MucHoTro!$E$5))) -> 1.5 | L28: =J28*K28 -> 1.8 | M28: =L28*2000000 -> 3600000 | N28: Lê Thị Duyên | O28: 4 | P28: x | Q28: x | S28: =M28*(0.3+0.3)+M28*0.4/O28 -> 2520000
E29: BM Hóa | N29: Lê Thị Phương Thảo | R29: x | S29: =M28*0.4/O28 -> 360000
E30: BM Hóa | N30: Võ Thị Hạnh | R30: x | S30: =M28*0.4/O28 -> 360000
E31: BM Hóa | N31: Đỗ Thị Hải | R31: x | S31: =M28*0.4/O28 -> 360000
A32: 27 | B32: Improvement of the corrosion protection of polypyrrole coating for CT3 mild steel with 10-camphorsulfonic acid and molybdate as inhibitor dopants | C32: Hà Mạnh Hùng | D32: Progress in Organic Coatings | E32: BM Hóa | F32: Q1b | G32: x | J32: =IF(F32="Q1a",MucHoTro!$H$5,IF(F32="Q1b",MucHoTro!$H$6,IF(F32="Q2",MucHoTro!$H$7,IF(F32="Q3",MucHoTro!$H$8,IF(F32="Q4",MucHoTro!$H$9))))) -> 1.3 | K32: =IF(G32="x",MucHoTro!$C$5,IF(H32="x",MucHoTro!$D$5,IF(I32="x",MucHoTro!$E$5))) -> 1.5 | L32: =J32*K32 -> 1.95 | M32: =L32*2000000 -> 3900000 | N32: Hà Mạnh Hùng | O32: 1 | S32: =M32 -> 3900000
A33: 28 | B33: Multi-band and broadband metamaterial perfect absorber based on conductive polymer and near-field coupling | C33: Lê Đắc Tuyên, Tống Bá Tuấn | D33: International Journal of Modern Physics B | E33: BM Vật lý | F33: Q4 | G33: x | J33: =IF(F33="Q1a",MucHoTro!$H$5,IF(F33="Q1b",MucHoTro!$H$6,IF(F33="Q2",MucHoTro!$H$7,IF(F33="Q3",MucHoTro!$H$8,IF(F33="Q4",MucHoTro!$H$9))))) -> 0.9 | K33: =IF(G33="x",MucHoTro!$C$5,IF(H33="x",MucHoTro!$D$5,IF(I33="x",MucHoTro!$E$5))) -> 1.5 | L33: =J33*K33 -> 1.35 | M33: =L33*2000000 -> 2700000 | N33: Lê Đắc Tuyên | O33: 2 | P33: x | Q33: x | S33: =M33*(0.3+0.3)+M33*0.4/O33 -> 2160000
N34: Tống Bá Tuấn | R34: x | S34: =M33*0.4/O33 -> 540000
A35: 29 | B35: Structural, Electrical, and Magnetic Properties of Bi0.90Nd0.10Fe0.98TM0.02O3 (TM = Mn, Co, Ni, and Cu) Materials | C35: Đào Việt Thắng, Nguyễn Mạnh Hùng, Dư Thị Xuân Thảo | D35: IEEE Magnetics Letters | E35: BM Vật lý | F35: Q2 | G35: x | J35: =IF(F35="Q1a",MucHoTro!$H$5,IF(F35="Q1b",MucHoTro!$H$6,IF(F35="Q2",MucHoTro!$H$7,IF(F35="Q3",MucHoTro!$H$8,IF(F35="Q4",MucHoTro!$H$9))))) -> 1.2 | K35: =IF(G35="x",MucHoTro!$C$5,IF(H35="x",MucHoTro!$D$5,IF(I35="x",MucHoTro!$E$5))) -> 1.5 | L35: =J35*K35 -> 1.8 | M35: =L35*2000000 -> 3600000 | N35: Đào Việt Thắng | O35: 3 | P35: x | Q35: x | S35: =M35*(0.3+0.3)+M35*0.4/O35 -> 2640000
E36: BM Vật lý | N36: Nguyễn Mạnh Hùng | R36: x | S36: =M35*0.4/O35 -> 480000
E37: BM Vật lý | N37: Dư Thị Xuân Thảo | R37: x | S37: =M35*0.4/O35 -> 480000
A38: 30 | B38: Synthesis and characterization of NaYF4:Yb3+,Er3+@silica-N¼folic acid nanocomplex for bioimaginable detecting MCF-7 breast cancer cells | C38: Lê Thị Vinh | D38: Journal of Rare Earths | E38: BM Hóa | F38: Q2 | I38: x | J38: =IF(F38="Q1a",MucHoTro!$H$5,IF(F38="Q1b",MucHoTro!$H$6,IF(F38="Q2",MucHoTro!$H$7,IF(F38="Q3",MucHoTro!$H$8,IF(F38="Q4",MucHoTro!$H$9))))) -> 1.2 | K38: =IF(G38="x",MucHoTro!$C$5,IF(H38="x",MucHoTro!$D$5,IF(I38="x",MucHoTro!$E$5))) -> 1 | L38: =J38*K38 -> 1.2 | M38: =L38*2000000 -> 2400000 | N38: Lê Thị Vinh | S38: =M38 -> 2400000
A39: 31 | B39: Thermal Fluctuations in the Phase Structure of the Excitonic Insulator Charge Density Wave State in the Extended Falicov-Kimball Model | C39: Đỗ Thị Hồng Hải | D39: Journal of Electronic Materials | E39: BM Vật lý | F39: Q2 | G39: x | J39: =IF(F39="Q1a",MucHoTro!$H$5,IF(F39="Q1b",MucHoTro!$H$6,IF(F39="Q2",MucHoTro!$H$7,IF(F39="Q3",MucHoTro!$H$8,IF(F39="Q4",MucHoTro!$H$9))))) -> 1.2 | K39: =IF(G39="x",MucHoTro!$C$5,IF(H39="x",MucHoTro!$D$5,IF(I39="x",MucHoTro!$E$5))) -> 1.5 | L39: =J39*K39 -> 1.8 | M39: =L39*2000000 -> 3600000 | N39: Đỗ Thị Hồng Hải | S39: =M39 -> 3600000
A40: 32 | B40: A hybrid computational intelligence approach for predicting soil shear strength for urban housing construction: a case study at Vinhomes Imperia project, Hai Phong city (Vietnam) | C40: Nhữ Việt Hà, Dương Văn Bình | D40: Engineering with Computers | E40: BM Địa chất công trình | F40: Q1b | G40: x | J40: =IF(F40="Q1a",MucHoTro!$H$5,IF(F40="Q1b",MucHoTro!$H$6,IF(F40="Q2",MucHoTro!$H$7,IF(F40="Q3",MucHoTro!$H$8,IF(F40="Q4",MucHoTro!$H$9))))) -> 1.3 | K40: =IF(G40="x",MucHoTro!$C$5,IF(H40="x",MucHoTro!$D$5,IF(I40="x",MucHoTro!$E$5))) -> 1.5 | L40: =J40*K40 -> 1.95 | M40: =L40*2000000 -> 3900000 | N40: Nhữ Việt Hà | O40: 2 | S40: =M40*(0.3+0.3)+M40*0.4/O40 -> 3120000
N41: Dương Văn Bình | S41: =M40*0.4/O40 -> 780000
A42: 33 | B42: A New Approach of Hybrid Bee Colony Optimized Neural Computing to Estimate the Soil Compression Coefficient for a Housing Construction Project | C42: Nhữ Việt Hà | D42: Applied Sciences | E42: BM Địa chất công trình | F42: Q1b | I42: x | J42: =IF(F42="Q1a",MucHoTro!$H$5,IF(F42="Q1b",MucHoTro!$H$6,IF(F42="Q2",MucHoTro!$H$7,IF(F42="Q3",MucHoTro!$H$8,IF(F42="Q4",MucHoTro!$H$9))))) -> 1.3 | K42: =IF(G42="x",MucHoTro!$C$5,IF(H42="x",MucHoTro!$D$5,IF(I42="x",MucHoTro!$E$5))) -> 1 | L42: =J42*K42 -> 1.3 | M42: =L42*2000000 -> 2600000 | N42: Nhữ Việt Hà | S42: =M42 -> 2600000
A43: 34 | B43: A Tentative Record of Mid-Holocene Sea-Level Highstand and Barrier Overwash from the Cam River Mouth, Vietnam | C43: Nguyễn Hữu Hiệp | D43: Journal of Coastal Research | E43: BM Địa chất | F43: Q2 | I43: x | J43: =IF(F43="Q1a",MucHoTro!$H$5,IF(F43="Q1b",MucHoTro!$H$6,IF(F43="Q2",MucHoTro!$H$7,IF(F43="Q3",MucHoTro!$H$8,IF(F43="Q4",MucHoTro!$H$9))))) -> 1.2 | K43: =IF(G43="x",MucHoTro!$C$5,IF(H43="x",MucHoTro!$D$5,IF(I43="x",MucHoTro!$E$5))) -> 1 | L43: =J43*K43 -> 1.2 | M43: 6980000 | N43: Nguyễn Hữu Hiệp | S43: =M43 -> 6980000
A44: 35 | B44: Advanced soft computing techniques for predicting soil compression coefficient in engineering project: a comparative study | C44: Nhữ Việt Hà | D44: Engineering with Computers | E44: BM Địa chất công trình | F44: Q1b | G44: x | J44: =IF(F44="Q1a",MucHoTro!$H$5,IF(F44="Q1b",MucHoTro!$H$6,IF(F44="Q2",MucHoTro!$H$7,IF(F44="Q3",MucHoTro!$H$8,IF(F44="Q4",MucHoTro!$H$9))))) -> 1.3 | K44: =IF(G44="x",MucHoTro!$C$5,IF(H44="x",MucHoTro!$D$5,IF(I44="x",MucHoTro!$E$5))) -> 1.5 | L44: =J44*K44 -> 1.95 | M44: =L44*2000000 -> 3900000 | N44: Nhữ Việt Hà | S44: =M44 -> 3900000
A45: 36 | B45: An Experimental Study of Reusing Coal Ash for Base Course of Road Pavement in Viet Nam | C45: Nguyễn Thị Nụ, Bùi Trường Sơn | D45: Electronic journal of geotechnical engineering | E45: BM Địa chất công trình | F45: Q4 | G45: x | J45: =IF(F45="Q1a",MucHoTro!$H$5,IF(F45="Q1b",MucHoTro!$H$6,IF(F45="Q2",MucHoTro!$H$7,IF(F45="Q3",MucHoTro!$H$8,IF(F45="Q4",MucHoTro!$H$9))))) -> 0.9 | K45: =IF(G45="x",MucHoTro!$C$5,IF(H45="x",MucHoTro!$D$5,IF(I45="x",MucHoTro!$E$5))) -> 1.5 | L45: =J45*K45 -> 1.35 | M45: =L45*2000000 -> 2700000 | N45: Nguyễn Thị Nụ | O45: 2 | P45: x | Q45: x | S45: =M45*(0.3+0.3)+M45*0.4/O45 -> 2160000
N46: Bùi Trường Sơn | R46: x | S46: =M45*0.4/O45 -> 540000
A47: 37 | B47: Cambrian intra–oceanic arc trondhjemite and tonalite in the Tam Ky–Phuoc Son Suture Zone, central Vietnam: Implications for the early Paleozoic assembly of the Indochina Block | C47: Nguyễn Minh Quyền, Trần Thanh Hải, Ngô Xuân Thành, Nguyễn Quốc Hưng | D47: Gondwana Research | E47: BM Địa chất | F47: Q1a | G47: x | J47: =IF(F47="Q1a",MucHoTro!$H$5,IF(F47="Q1b",MucHoTro!$H$6,IF(F47="Q2",MucHoTro!$H$7,IF(F47="Q3",MucHoTro!$H$8,IF(F47="Q4",MucHoTro!$H$9))))) -> 2.23 | K47: =IF(G47="x",MucHoTro!$C$5,IF(H47="x",MucHoTro!$D$5,IF(I47="x",MucHoTro!$E$5))) -> 1.5 | L47: =J47*K47 -> 3.345 | M47: =L47*2000000 -> 6690000 | N47: Nguyễn Minh Quyền | O47: 4 | P47: x | S47: =M47*0.3+M47*0.7/O47 -> 3177750
E48: BM Địa chất | N48: Trần Thanh Hải | R48: x | S48: =M47*0.7/O47 -> 1170750
E49: BM Địa chất | N49: Ngô Xuân Thành | R49: x | S49: =M47*0.7/O47 -> 1170750
E50: BM Địa chất | N50: Nguyễn Quốc Hưng | R50: x | S50: =M47*0.7/O47 -> 1170750
A51: 38 | B51: Determination of Abundances of Fifty‐Two Elements in Natural Waters by ICP‐MS with Freeze‐Drying Pre‐concentration | C51: Hoàng Đình Quế | D51: Geostandards and Geoanalytical Research | E51: BM Địa chất | F51: Q1b | G51: x | J51: =IF(F51="Q1a",MucHoTro!$H$5,IF(F51="Q1b",MucHoTro!$H$6,IF(F51="Q2",MucHoTro!$H$7,IF(F51="Q3",MucHoTro!$H$8,IF(F51="Q4",MucHoTro!$H$9))))) -> 1.3 | K51: =IF(G51="x",MucHoTro!$C$5,IF(H51="x",MucHoTro!$D$5,IF(I51="x",MucHoTro!$E$5))) -> 1.5 | L51: =J51*K51 -> 1.95 | M51: =L51*2000000 -> 3900000 | N51: Hoàng Đình Quế | S51: =M51 -> 3900000
A52: 39 | B52: Does Neoproterozoic Nam Co Formation in Northwest Vietnam belong to South China or Indochina? | C52: Nguyễn Đình Luyện | D52: Precambrian Research | E52: BM Tìm kiếm thăm dò | F52: Q1a | I52: x | J52: =IF(F52="Q1a",MucHoTro!$H$5,IF(F52="Q1b",MucHoTro!$H$6,IF(F52="Q2",MucHoTro!$H$7,IF(F52="Q3",MucHoTro!$H$8,IF(F52="Q4",MucHoTro!$H$9))))) -> 2.23 | K52: =IF(G52="x",MucHoTro!$C$5,IF(H52="x",MucHoTro!$D$5,IF(I52="x",MucHoTro!$E$5))) -> 1 | L52: =J52*K52 -> 2.23 | M52: =L52*2000000 -> 4460000 | N52: Nguyễn Đình Luyện | S52: =M52 -> 4460000
A53: 40 | B53: Drought and Human impacts on land use and land cover change in a Vietnamese coastal area | C53: Trần Thị Hòa Phan Viết Sơn | D53: Remote sensing | E53: BM Tin học Trắc địa | F53: Q1b | G53: x | J53: =IF(F53="Q1a",MucHoTro!$H$5,IF(F53="Q1b",MucHoTro!$H$6,IF(F53="Q2",MucHoTro!$H$7,IF(F53="Q3",MucHoTro!$H$8,IF(F53="Q4",MucHoTro!$H$9))))) -> 1.3 | K53: =IF(G53="x",MucHoTro!$C$5,IF(H53="x",MucHoTro!$D$5,IF(I53="x",MucHoTro!$E$5))) -> 1.5 | L53: =J53*K53 -> 1.95 | M53: =L53*2000000 -> 3900000 | N53: Trần Thị Hòa | O53: 2 | P53: x | Q53: x | S53: =M53*(0.3+0.3)+M53*0.4/O53 -> 3120000
E54: BM Tìm kiếm thăm dò | N54: Phan Viết Sơn | R54: x | S54: =M53*0.4/O53 -> 780000
A55: 41 | B55: Estimating groundwater recharge for Hanoi, Vietnam | C55: Vũ Văn Hưng | D55: Science of The Total Environment | E55: BM Địa chất Thủy văn | F55: Q1a | G55: x | J55: =IF(F55="Q1a",MucHoTro!$H$5,IF(F55="Q1b",MucHoTro!$H$6,IF(F55="Q2",MucHoTro!$H$7,IF(F55="Q3",MucHoTro!$H$8,IF(F55="Q4",MucHoTro!$H$9))))) -> 2.23 | K55: =IF(G55="x",MucHoTro!$C$5,IF(H55="x",MucHoTro!$D$5,IF(I55="x",MucHoTro!$E$5))) -> 1.5 | L55: =J55*K55 -> 3.345 | M55: =L55*2000000 -> 6690000 | N55: Vũ Văn Hưng | S55: =M55 -> 6690000
A56: 42 | B56: Hydro-geochemical characteristics of the Groundwater resources in the southern part of the Red River's Delta plain, Vietnam | C56: Nguyễn Văn Lâm | D56: Environmental Earth Sciences: | E56: BM Địa chất Thủy văn | F56: Q2 | I56: x | J56: =IF(F56="Q1a",MucHoTro!$H$5,IF(F56="Q1b",MucHoTro!$H$6,IF(F56="Q2",MucHoTro!$H$7,IF(F56="Q3",MucHoTro!$H$8,IF(F56="Q4",MucHoTro!$H$9))))) -> 1.2 | K56: =IF(G56="x",MucHoTro!$C$5,IF(H56="x",MucHoTro!$D$5,IF(I56="x",MucHoTro!$E$5))) -> 1 | L56: =J56*K56 -> 1.2 | M56: =L56*2000000 -> 2400000 | N56: Nguyễn Văn Lâm | S56: =M56 -> 2400000
A57: 43 | B57: Investigation into Groundwater Resources in Southetn Part of the Rad River’s Delta Plain, Vietnam by the Use of Isotopic Techniques | C57: Nguyễn Văn Lâm | D57: Water | E57: BM Địa chất Thủy văn | F57: Q1b | G57: x | J57: =IF(F57="Q1a",MucHoTro!$H$5,IF(F57="Q1b",MucHoTro!$H$6,IF(F57="Q2",MucHoTro!$H$7,IF(F57="Q3",MucHoTro!$H$8,IF(F57="Q4",MucHoTro!$H$9))))) -> 1.3 | K57: =IF(G57="x",MucHoTro!$C$5,IF(H57="x",MucHoTro!$D$5,IF(I57="x",MucHoTro!$E$5))) -> 1.5 | L57: =J57*K57 -> 1.95 | M57: =L57*2000000 -> 3900000 | N57: Nguyễn Văn Lâm | S57: =M57 -> 3900000
A58: 44 | B58: Mineralogical and geochemical constraints on the origin and evolution of albitites from Dmytrivka at the Oktiabrski complex, Southeast Ukraine | C58: Tô Xuân Bản | D58: Lithos | E58: BM Khoáng Thạch và Địa hóa | F58: Q1a | I58: x | J58: =IF(F58="Q1a",MucHoTro!$H$5,IF(F58="Q1b",MucHoTro!$H$6,IF(F58="Q2",MucHoTro!$H$7,IF(F58="Q3",MucHoTro!$H$8,IF(F58="Q4",MucHoTro!$H$9))))) -> 2.23 | K58: =IF(G58="x",MucHoTro!$C$5,IF(H58="x",MucHoTro!$D$5,IF(I58="x",MucHoTro!$E$5))) -> 1 | L58: =J58*K58 -> 2.23 | M58: =L58*2000000 -> 4460000 | N58: Tô Xuân Bản | S58: =M58 -> 4460000
A59: 45 | B59: Provenance, routing and weathering history of heavy minerals from coastal placer deposits of southern Vietnam | C59: Nguyễn Hữu Hiệp | D59: Sedimentary Geology | E59: BM Địa chất | F59: Q1b | G59: x | J59: =IF(F59="Q1a",MucHoTro!$H$5,IF(F59="Q1b",MucHoTro!$H$6,IF(F59="Q2",MucHoTro!$H$7,IF(F59="Q3",MucHoTro!$H$8,IF(F59="Q4",MucHoTro!$H$9))))) -> 1.3 | K59: =IF(G59="x",MucHoTro!$C$5,IF(H59="x",MucHoTro!$D$5,IF(I59="x",MucHoTro!$E$5))) -> 1.5 | L59: =J59*K59 -> 1.95 | M59: =L59*2000000 -> 3900000 | N59: Nguyễn Hữu Hiệp | S59: =M59 -> 3900000
A60: 46 | B60: Utilizing Coal Bottom Ash from Thermal Power Plants in Vietnam as Partial Replacement of Aggregates in Concrete Pavement | C60: Nguyễn Thị Nụ, Bùi Trường Sơn | D60: Journal of Engineering | E60: BM Địa chất công trình | F60: Q3 | G60: x | J60: =IF(F60="Q1a",MucHoTro!$H$5,IF(F60="Q1b",MucHoTro!$H$6,IF(F60="Q2",MucHoTro!$H$7,IF(F60="Q3",MucHoTro!$H$8,IF(F60="Q4",MucHoTro!$H$9))))) -> 1 | K60: =IF(G60="x",MucHoTro!$C$5,IF(H60="x",MucHoTro!$D$5,IF(I60="x",MucHoTro!$E$5))) -> 1.5 | L60: =J60*K60 -> 1.5 | M60: =L60*2000000 -> 3000000 | N60: Nguyễn Thị Nụ | O60: 2 | P60: x | Q60: x | S60: =M60*(0.3+0.3)+M60*0.4/O60 -> 2400000
E61: BM Địa chất công trình | N61: Bùi Trường Sơn | R61: x | S61: =M60*0.4/O60 -> 600000
A62: 47 | B62: Experimental and analytical analysis of the effect of fibre treatment on the thermomechanicalbehaviour of continuous carbon textile subjected to simultaneous elevated temperature and uniaxial tensile loadings | C62: Trần Mạnh Tiến | D62: Construction and Building Materials | E62: BM Sức bền vật liệu | F62: Q1a | G62: x | J62: =IF(F62="Q1a",MucHoTro!$H$5,IF(F62="Q1b",MucHoTro!$H$6,IF(F62="Q2",MucHoTro!$H$7,IF(F62="Q3",MucHoTro!$H$8,IF(F62="Q4",MucHoTro!$H$9))))) -> 2.23 | K62: =IF(G62="x",MucHoTro!$C$5,IF(H62="x",MucHoTro!$D$5,IF(I62="x",MucHoTro!$E$5))) -> 1.5 | L62: =J62*K62 -> 3.345 | M62: =L62*2000000 -> 6690000 | N62: Trần Mạnh Tiến | S62: =M62 -> 6690000
A63: 48 | B63: A comparison of advanced computational models and experimental techniques in predicting blast-induced ground vibration in open-pit coal mine | C63: Bùi Xuân Nam | D63: Acta Geophysica | E63: BM Khai thác Lộ thiên | F63: Q3 | I63: x | J63: =IF(F63="Q1a",MucHoTro!$H$5,IF(F63="Q1b",MucHoTro!$H$6,IF(F63="Q2",MucHoTro!$H$7,IF(F63="Q3",MucHoTro!$H$8,IF(F63="Q4",MucHoTro!$H$9))))) -> 1 | K63: =IF(G63="x",MucHoTro!$C$5,IF(H63="x",MucHoTro!$D$5,IF(I63="x",MucHoTro!$E$5))) -> 1 | L63: =J63*K63 -> 1 | M63: =L63*2000000 -> 2000000 | N63: Bùi Xuân Nam | S63: =M63 -> 2000000
A64: 49 | B64: A new cavability assessment for Longwall Top Coal Caving from discontinuum numerical analysis | C64: Lê Tiến Dũng | D64: International Journal of Rock Mechanics and Mining Sciences | E64: BM Khai thác Hầm lò | F64: Q1a | G64: x | J64: =IF(F64="Q1a",MucHoTro!$H$5,IF(F64="Q1b",MucHoTro!$H$6,IF(F64="Q2",MucHoTro!$H$7,IF(F64="Q3",MucHoTro!$H$8,IF(F64="Q4",MucHoTro!$H$9))))) -> 2.23 | K64: =IF(G64="x",MucHoTro!$C$5,IF(H64="x",MucHoTro!$D$5,IF(I64="x",MucHoTro!$E$5))) -> 1.5 | L64: =J64*K64 -> 3.345 | M64: =L64*2000000 -> 6690000 | N64: Lê Tiến Dũng | S64: =M64 -> 6690000
A65: 50 | B65: A New Soft Computing Model for Estimating and Controlling Blast-Produced Ground Vibration Based on Hierarchical K-Means Clustering and Cubist Algorithms | C65: Nguyễn Hoàng, Bùi Xuân Nam, Trần Quang Hiếu | D65: Applied soft computing | E65: BM Khai thác Lộ thiên | F65: Q1b | G65: x | J65: =IF(F65="Q1a",MucHoTro!$H$5,IF(F65="Q1b",MucHoTro!$H$6,IF(F65="Q2",MucHoTro!$H$7,IF(F65="Q3",MucHoTro!$H$8,IF(F65="Q4",MucHoTro!$H$9))))) -> 1.3 | K65: =IF(G65="x",MucHoTro!$C$5,IF(H65="x",MucHoTro!$D$5,IF(I65="x",MucHoTro!$E$5))) -> 1.5 | L65: =J65*K65 -> 1.95 | M65: =L65*2000000 -> 3900000 | N65: Nguyễn Hoàng | O65: 3 | P65: x | Q65: x | S65: =M65*(0.3+0.3)+M65*0.4/O65 -> 2860000
E66: BM Khai thác Lộ thiên | N66: Bùi Xuân Nam | R66: x | S66: =M65*0.4/O65 -> 520000
E67: BM Khai thác Lộ thiên | N67: Trần Quang Hiếu | R67: x | S67: =M65*0.4/O65 -> 520000
A68: 51 | B68: A New Technique to Predict Fly-rock in Bench Blasting Based on an Ensemble of Support Vector Regression and GLMNET | C68: Bùi Xuân Nam | D68: Engineering with Computers | E68: BM Khai thác Lộ thiên | F68: Q1b | I68: x | J68: =IF(F68="Q1a",MucHoTro!$H$5,IF(F68="Q1b",MucHoTro!$H$6,IF(F68="Q2",MucHoTro!$H$7,IF(F68="Q3",MucHoTro!$H$8,IF(F68="Q4",MucHoTro!$H$9))))) -> 1.3 | K68: =IF(G68="x",MucHoTro!$C$5,IF(H68="x",MucHoTro!$D$5,IF(I68="x",MucHoTro!$E$5))) -> 1 | L68: =J68*K68 -> 1.3 | M68: =L68*2000000 -> 2600000 | N68: Bùi Xuân Nam | S68: =M68 -> 2600000
A69: 52 | B69: A novel approach in adsorption of heavy metal ions from aqueous solution using synthesized MCM-41 from coal bottom ash | C69: Vũ Đình Hiếu, , Bùi Xuân Nam, Nguyễn Đình An, Lê Quý Thảo, Đỗ Ngọc Hoàn Bùi Hoàng Bắc | D69: International Journal of Environmental Analytical Chemistry | E69: BM Khai thác Lộ thiên | F69: Q3 | G69: x | J69: =IF(F69="Q1a",MucHoTro!$H$5,IF(F69="Q1b",MucHoTro!$H$6,IF(F69="Q2",MucHoTro!$H$7,IF(F69="Q3",MucHoTro!$H$8,IF(F69="Q4",MucHoTro!$H$9))))) -> 1 | K69: =IF(G69="x",MucHoTro!$C$5,IF(H69="x",MucHoTro!$D$5,IF(I69="x",MucHoTro!$E$5))) -> 1.5 | L69: =J69*K69 -> 1.5 | M69: =L69*2000000 -> 3000000 | N69: Vũ Đình Hiếu | O69: 6 | P69: x | Q69: x | S69: =M69*(0.3+0.3)+M69*0.4/O69 -> 2000000
E70: BM Tìm kiếm thăm dò | N70: Bùi Hoàng Bắc | R70: x | S70: =M69*0.4/O69 -> 200000
E71: BM Khai thác Lộ thiên | N71: Bùi Xuân Nam | R71: x | S71: =M69*0.4/O69 -> 200000
E72: BM Khai thác Lộ thiên | N72: Nguyễn Đình An | R72: x | S72: =M69*0.4/O69 -> 200000
E73: BM Khai thác Lộ thiên | N73: Lê Quý Thảo | R73: x | S73: =M69*0.4/O69 -> 200000
E74: BM Khai thác Lộ thiên | N74: Đỗ Ngọc Hoàn | R74: x | S74: =M69*0.4/O69 -> 200000
A75: 53 | B75: A Novel Artificial Intelligence Approach to Predict Blast-Induced Ground Vibration in Open-Pit Mines Based on the Firefly Algorithm and Artificial Neural Network | C75: Bùi Xuân Nam, Trần Quang Hiếu | D75: Natural Resources Research | E75: BM Khai thác Lộ thiên | F75: Q2 | I75: x | J75: =IF(F75="Q1a",MucHoTro!$H$5,IF(F75="Q1b",MucHoTro!$H$6,IF(F75="Q2",MucHoTro!$H$7,IF(F75="Q3",MucHoTro!$H$8,IF(F75="Q4",MucHoTro!$H$9))))) -> 1.2 | K75: =IF(G75="x",MucHoTro!$C$5,IF(H75="x",MucHoTro!$D$5,IF(I75="x",MucHoTro!$E$5))) -> 1 | L75: =J75*K75 -> 1.2 | M75: =L75*2000000 -> 2400000 | N75: Bùi Xuân Nam | O75: 2 | R75: x | S75: =M75/O75 -> 1200000
E76: BM Khai thác Lộ thiên | N76: Trần Quang Hiếu | R76: x | S76: =M75/O75 -> 1200000
A77: 54 | B77: A novel artificial intelligence technique for analyzing slope stability using PSO-CA model | C77: Bùi Xuân Nam | D77: Engineering with Computers | E77: BM Khai thác Lộ thiên | F77: Q1b | I77: x | J77: =IF(F77="Q1a",MucHoTro!$H$5,IF(F77="Q1b",MucHoTro!$H$6,IF(F77="Q2",MucHoTro!$H$7,IF(F77="Q3",MucHoTro!$H$8,IF(F77="Q4",MucHoTro!$H$9))))) -> 1.3 | K77: =IF(G77="x",MucHoTro!$C$5,IF(H77="x",MucHoTro!$D$5,IF(I77="x",MucHoTro!$E$5))) -> 1 | L77: =J77*K77 -> 1.3 | M77: =L77*2000000 -> 2600000 | N77: Bùi Xuân Nam | S77: =M77 -> 2600000
A78: 55 | B78: A Novel Artificial Intelligence Technique to Estimate the Gross Calorific Value of Coal Based on Meta-Heuristic and Support Vector Regression Algorithms | C78: Bùi Hoàng Bắc Bùi Xuân Nam | D78: Applied Sciences (MDPI) | E78: BM Tìm kiếm thăm dò | F78: Q1b | G78: x | J78: =IF(F78="Q1a",MucHoTro!$H$5,IF(F78="Q1b",MucHoTro!$H$6,IF(F78="Q2",MucHoTro!$H$7,IF(F78="Q3",MucHoTro!$H$8,IF(F78="Q4",MucHoTro!$H$9))))) -> 1.3 | K78: =IF(G78="x",MucHoTro!$C$5,IF(H78="x",MucHoTro!$D$5,IF(I78="x",MucHoTro!$E$5))) -> 1.5 | L78: =J78*K78 -> 1.95 | M78: =L78*2000000 -> 3900000 | N78: Bùi Hoàng Bắc | O78: 2 | P78: x | S78: =M78*0.3+M78*0.7/O78 -> 2535000
E79: BM Khai thác Lộ thiên | N79: Bùi Xuân Nam | R79: x | S79: =M78*0.7/O78 -> 1365000
A80: 56 | B80: A Novel Hybrid Model for Predicting Blast-Induced Ground Vibration Based on k-Nearest Neighbors and Particle Swarm Optimization | C80: Bùi Xuân Nam, Trần Quang Hiếu Nguyễn Quốc Long | D80: Scientific Reports (Nature) | E80: BM Khai thác Lộ thiên | F80: Q1a | G80: x | J80: =IF(F80="Q1a",MucHoTro!$H$5,IF(F80="Q1b",MucHoTro!$H$6,IF(F80="Q2",MucHoTro!$H$7,IF(F80="Q3",MucHoTro!$H$8,IF(F80="Q4",MucHoTro!$H$9))))) -> 2.23 | K80: =IF(G80="x",MucHoTro!$C$5,IF(H80="x",MucHoTro!$D$5,IF(I80="x",MucHoTro!$E$5))) -> 1.5 | L80: =J80*K80 -> 3.345 | M80: =L80*2000000 -> 6690000 | N80: Bùi Xuân Nam | O80: 3 | R80: x | S80: =M80/O80 -> 2230000
E81: BM Khai thác Lộ thiên | N81: Trần Quang Hiếu | R81: x | S81: =M80/O80 -> 2230000
E82: BM Trắc địa Mỏ | N82: Nguyễn Quốc Long | S82: =M80/O80 -> 2230000
A83: 57 | B83: A Novel Swarm Intelligence—Harris Hawks Optimization for Spatial Assessment of Landslide Susceptibility | C83: Nguyễn Hoàng | D83: Sensors (MDPI) | E83: BM Khai thác Lộ thiên | F83: Q2 | I83: x | J83: =IF(F83="Q1a",MucHoTro!$H$5,IF(F83="Q1b",MucHoTro!$H$6,IF(F83="Q2",MucHoTro!$H$7,IF(F83="Q3",MucHoTro!$H$8,IF(F83="Q4",MucHoTro!$H$9))))) -> 1.2 | K83: =IF(G83="x",MucHoTro!$C$5,IF(H83="x",MucHoTro!$D$5,IF(I83="x",MucHoTro!$E$5))) -> 1 | L83: =J83*K83 -> 1.2 | M83: =L83*2000000 -> 2400000 | N83: Nguyễn Hoàng | S83: =M83 -> 2400000
A84: 58 | B84: Composition and Morphology Characteristics of Magnetic Fractions of Coal Fly Ash Wastes Processed in High-Temperature Exposure in Thermal Power Plants | C84: Vũ Đình Hiếu, Bùi Xuân Nam, Nguyễn Đình An, Lê Quý Thảo, Đỗ Ngọc Hoàn Bùi Hoàng Bắc | D84: Applied Sciences (MDPI) | E84: BM Khai thác Lộ thiên | F84: Q3 | G84: x | J84: =IF(F84="Q1a",MucHoTro!$H$5,IF(F84="Q1b",MucHoTro!$H$6,IF(F84="Q2",MucHoTro!$H$7,IF(F84="Q3",MucHoTro!$H$8,IF(F84="Q4",MucHoTro!$H$9))))) -> 1 | K84: =IF(G84="x",MucHoTro!$C$5,IF(H84="x",MucHoTro!$D$5,IF(I84="x",MucHoTro!$E$5))) -> 1.5 | L84: =J84*K84 -> 1.5 | M84: =L84*2000000 -> 3000000 | N84: Vũ Đình Hiếu | O84: 6 | P84: x | Q84: x | S84: =M84*(0.3+0.3)+M84*0.4/O84 -> 2000000
E85: Tìm kiếm thăm dò | N85: Bùi Hoàng Bắc | R85: x | S85: =M84*0.4/O84 -> 200000
E86: BM Khai thác Lộ thiên | N86: Bùi Xuân Nam | R86: x | S86: =M84*0.4/O84 -> 200000
E87: BM Khai thác Lộ thiên | N87: Nguyễn Đình An | R87: x | S87: =M84*0.4/O84 -> 200000
E88: BM Khai thác Lộ thiên | N88: Lê Quý Thảo | R88: x | S88: =M84*0.4/O84 -> 200000
E89: BM Khai thác Lộ thiên | N89: Đỗ Ngọc Hoàn | R89: x | S89: =M84*0.4/O84 -> 200000
A90: 59 | B90: Computational Intelligence Model for Estimating Intensity of Blast-Induced Ground Vibration in a Mine Based on Imperialist Competitive and Extreme Gradient Boosting Algorithms | C90: Bùi Xuân Nam | D90: Natural Resources Research | E90: BM Khai thác Lộ thiên | F90: Q2 | I90: x | J90: =IF(F90="Q1a",MucHoTro!$H$5,IF(F90="Q1b",MucHoTro!$H$6,IF(F90="Q2",MucHoTro!$H$7,IF(F90="Q3",MucHoTro!$H$8,IF(F90="Q4",MucHoTro!$H$9))))) -> 1.2 | K90: =IF(G90="x",MucHoTro!$C$5,IF(H90="x",MucHoTro!$D$5,IF(I90="x",MucHoTro!$E$5))) -> 1 | L90: =J90*K90 -> 1.2 | M90: =L90*2000000 -> 2400000 | N90: Bùi Xuân Nam | S90: =M90 -> 2400000
A91: 60 | B91: Developing an XGBoost model to predict blast-induced peak particle velocity in an open-pit mine: a case study | C91: Nguyễn Hoàng, Bùi Xuân Nam Bùi Hoàng Bắc | D91: Acta Geophysica | E91: BM Khai thác Lộ thiên | F91: Q3 | G91: x | J91: =IF(F91="Q1a",MucHoTro!$H$5,IF(F91="Q1b",MucHoTro!$H$6,IF(F91="Q2",MucHoTro!$H$7,IF(F91="Q3",MucHoTro!$H$8,IF(F91="Q4",MucHoTro!$H$9))))) -> 1 | K91: =IF(G91="x",MucHoTro!$C$5,IF(H91="x",MucHoTro!$D$5,IF(I91="x",MucHoTro!$E$5))) -> 1.5 | L91: =J91*K91 -> 1.5 | M91: =L91*2000000 -> 3000000 | N91: Nguyễn Hoàng | O91: 3 | P91: x | Q91: x | S91: =M91*(0.3+0.3)+M91*0.4/O91 -> 2200000
E92: BM Khai thác Lộ thiên | N92: Bùi Xuân Nam | R92: x | S92: =M91*0.4/O91 -> 400000
E93: BM Tìm kiếm thăm dò | N93: Bùi Hoàng Bắc | R93: x | S93: =M91*0.4/O91 -> 400000
A94: 61 | B94: Estimating PM10 Concentration from Drilling Operations in Open-Pit Mines Using an Assembly of SVR and PSO | C94: Bùi Xuân Nam, Lê Quý Thảo Bùi Hoàng Bắc Nguyễn Quốc Long | D94: Applied Sciences (MDPI) | E94: BM Khai thác Lộ thiên | F94: Q1b | G94: x | J94: =IF(F94="Q1a",MucHoTro!$H$5,IF(F94="Q1b",MucHoTro!$H$6,IF(F94="Q2",MucHoTro!$H$7,IF(F94="Q3",MucHoTro!$H$8,IF(F94="Q4",MucHoTro!$H$9))))) -> 1.3 | K94: =IF(G94="x",MucHoTro!$C$5,IF(H94="x",MucHoTro!$D$5,IF(I94="x",MucHoTro!$E$5))) -> 1.5 | L94: =J94*K94 -> 1.95 | M94: =L94*2000000 -> 3900000 | N94: Bùi Xuân Nam | O94: 4 | P94: x | Q94: x | S94: =M94*(0.3+0.3)+M94*0.4/O94 -> 2730000
E95: BM Tìm kiếm thăm dò | N95: Bùi Hoàng Bắc | R95: x | S95: =M94*0.4/O94 -> 390000
E96: BM Khai thác Lộ thiên | N96: Lê Quý Thảo | R96: x | S96: =M94*0.4/O94 -> 390000
E97: BM Trắc địa Mỏ | N97: Nguyễn Quốc Long | R97: x | S97: =M94*0.4/O94 -> 390000
A98: 62 | B98: Estimation of Blast-Induced Air Overpressure in Quarry Mines Using Cubist-Based Genetic Algorithm | C98: Bùi Xuân Nam, Trần Quang Hiếu | D98: Natural Resources Research | E98: BM Khai thác Lộ thiên | F98: Q2 | I98: x | J98: =IF(F98="Q1a",MucHoTro!$H$5,IF(F98="Q1b",MucHoTro!$H$6,IF(F98="Q2",MucHoTro!$H$7,IF(F98="Q3",MucHoTro!$H$8,IF(F98="Q4",MucHoTro!$H$9))))) -> 1.2 | K98: =IF(G98="x",MucHoTro!$C$5,IF(H98="x",MucHoTro!$D$5,IF(I98="x",MucHoTro!$E$5))) -> 1 | L98: =J98*K98 -> 1.2 | M98: =L98*2000000 -> 2400000 | N98: Bùi Xuân Nam | O98: 2 | R98: x | S98: =M98/O98 -> 1200000
E99: BM Khai thác Lộ thiên | N99: Trần Quang Hiếu | R99: x | S99: =M98/O98 -> 1200000
A100: 63 | B100: Fine-tuning of neural computing using whale optimization algorithm for predicting compressive strength of concrete | C100: Nguyễn Hoàng | D100: Engineering with Computers | E100: BM Khai thác Lộ thiên | F100: Q1b | I100: x | J100: =IF(F100="Q1a",MucHoTro!$H$5,IF(F100="Q1b",MucHoTro!$H$6,IF(F100="Q2",MucHoTro!$H$7,IF(F100="Q3",MucHoTro!$H$8,IF(F100="Q4",MucHoTro!$H$9))))) -> 1.3 | K100: =IF(G100="x",MucHoTro!$C$5,IF(H100="x",MucHoTro!$D$5,IF(I100="x",MucHoTro!$E$5))) -> 1 | L100: =J100*K100 -> 1.3 | M100: =L100*2000000 -> 2600000 | N100: Nguyễn Hoàng | S100: =M100 -> 2600000
...
